 Dungeon Crawl Stone Soup version 0.30.0-20-g3615ddf2f0 (webtiles) character file.

Game seed: 17294251721113509097

575118 qw the Slayer (level 27, -1/193 HPs)
             Began as a Gargoyle Fighter on May 27, 2023.
             Was a High Priest of the Shining One.
             Killed by divine providence
             ... invoked by a royal mummy
              (12 damage)
             ... on level 3 of the Tomb of the Ancients.
             The game lasted 00:50:58 (67222 turns).

qw the Slayer (Gargoyle Fighter)                   Turns: 67222, Time: 00:50:59

Health: -1/193     AC: 70    Str: 34 (36) XL:     27
Magic:  13/36      EV: 20    Int:  6 (11) God:    the Shining One [*****.]
Gold:   5205       SH: 22    Dex:  7 (8)  Spells: 26/26 levels left

rFire   + . .        f - +9 broad axe (holy)
rCold   + . .        L - +2 tower shield {rC+}
rNeg    + + +        F - +10 plate armour
rPois   inf          n - +2 helmet
rElec   +            q - +4 cloak of Agogh {rF+ Will+ Str-2}
rCorr   .            c - +2 pair of gloves of the Hall of Blades {Will++}
SInv    .            I - +2 pair of boots
Will    +++++        y - amulet of Iskutoj {Acrobat -Cast Str+8 Dex-5} Stlth
                     C - +5 ring of evasion
HPRegen 0.52/turn    m - +5 ring of evasion
MPRegen 0.25/turn

%: no spellcasting, acrobat
@: about to teleport, flying, glowing
A: sickness immunity, AC +20, big wings, negative energy resistance 1,
electricity resistance, torment resistance 1, petrification resistance, agile 1,
wild magic 1
}: 3/15 runes: serpentine, barnacled, silver
a: Renounce Religion, Divine Shield, Cleansing Flame, Summon Divine Warrior


You were on level 3 of the Tomb of the Ancients.
You worshipped the Shining One.
The Shining One was extremely pleased with you.
You visited 11 branches of the dungeon, and saw 50 of its levels.
You also visited: Sewer.

You collected 9563 gold pieces.
You spent 4358 gold pieces at shops.


Innate Abilities, Weirdness & Mutations

You are immune to sickness and miasma.
Your stone body is resilient. (AC +20)
You are immune to poison.
Your large and strong wings let you fly.
You resist negative energy. (rN+)
You are resistant to electric shocks. (rElec)
You are resistant to unholy torment.
You are immune to petrification.
You are agile. (Dex +4, Str/Int -1)
Your spells are a little harder to cast, but a little more powerful.


   Skills:
 - Level 25.0 Fighting
 - Level 18.0 Axes
 - Level 14.0 Throwing
 - Level 24.0 Armour
 - Level 7.7 Dodging
 - Level 22.1 Shields
 + Level 18.3 Invocations


You had 26 spell levels left.
You didn't know any spells.
Your spell library was empty.

Inventory:

Hand Weapons
 f - a +9 broad axe of holy wrath (weapon)
Missiles
 i - 41 boomerangs
 O - 4 javelins (quivered)
Armour
 c - the +2 pair of gloves of the Hall of Blades (worn) {Will++}
   (You took it off Nikola on level 3 of the Snake Pit)

   Will:      It greatly increases your willpower.
 j - +0 acid dragon scales
 n - a +2 helmet (worn)
 p - the +0 cloak of the Sparrow {Str+6 Dex+2}
   (You found it on level 3 of the Shoals)

   Str:       It affects your strength (+6).
   Dex:       It affects your dexterity (+2).
 q - the +4 cloak of Agogh (worn) {rF+ Will+ Str-2}
   (You found it on level 13 of the Dungeon)

   Str:       It affects your strength (-2).
   rF:        It protects you from fire.
   Will:      It increases your willpower.
 w - +0 gold dragon scales
 F - a +10 plate armour (worn)
 I - a +2 pair of boots (worn)
 L - a +2 tower shield of cold resistance (worn)
 M - a +0 tower shield of protection
 N - the +0 pair of boots of Lytin {rCorr Str-5 Dex+7}
   (You acquired it on level 4 of the Depths)

   Str:       It affects your strength (-5).
   Dex:       It affects your dexterity (+7).
   rCorr:     It protects you from acid and corrosion.
 T - a +2 pair of gloves of strength
Jewellery
 a - a ring of protection from cold
 m - a +5 ring of evasion (right hand)
 r - an amulet of reflection
 t - a ring of resist corrosion
 v - the ring "Lixeic" {*Slow +Blink rPois Will+++ Str+2}
   (You bought it in a shop on level 3 of the Depths)

   [ring of poison resistance]

   Str:       It affects your strength (+2).
   rPois:     It protects you from poison.
   +Blink:    It lets you blink.
   *Slow:     It may slow you when you take damage.
   Will:      It greatly increases your willpower.
 y - the amulet of Iskutoj (around neck) {Acrobat -Cast Str+8 Dex-5}
   (You bought it in a shop on level 3 of the Depths)

   [amulet of the acrobat]

   It increases your evasion while moving and waiting.
   Str:       It affects your strength (+8).
   Dex:       It affects your dexterity (-5).
   -Cast:     It prevents spellcasting.
 C - a +5 ring of evasion (left hand)
 H - a ring of protection from fire
 J - a ring of protection from cold
 S - the ring of Agnosticism {rCorr Slay+4}
   (You acquired it on level 5 of the Lair of Beasts)

   [ring of slaying]

   Slay:      It affects your accuracy & damage with ranged weapons and melee
   (+4).
   rCorr:     It protects you from acid and corrosion.
 Y - the ring of the Quahog {rPois rF+ Str+6 Int-2}
   (You found it on level 5 of the Vaults)

   [ring of strength]

   Str:       It affects your strength (+6).
   Int:       It affects your intelligence (-2).
   rF:        It protects you from fire.
   rPois:     It protects you from poison.
Wands
 G - a wand of digging (11)
Scrolls
 g - 23 scrolls of identify
 h - a scroll of enchant armour
 x - 10 scrolls of teleportation
 A - 3 scrolls of brand weapon
 K - 5 scrolls of enchant weapon
Potions
 d - 10 potions of might
 e - 18 potions of curing
 l - 5 potions of cancellation
 o - 13 potions of attraction
 u - 12 potions of haste
 z - 5 potions of mutation
 B - 13 potions of lignification
 E - 3 potions of magic

Dungeon Overview and Level Annotations

Branches:
Dungeon (15/15)            Temple (1/1) D:6            Lair (5/5) D:11
 Shoals (4/4) Lair:2        Snake (4/4) Lair:3        Slime (0/5) Lair:5
    Orc (2/2) D:9             Elf (0/3) Orc:2        Vaults (5/5) D:13
  Crypt (3/3) Vaults:2       Tomb (3/3) Crypt:3      Depths (4/4) D:15
    Zot (4/5) Depths:4      Sewer (visited)

Altars:
Ashenzari
Cheibriados
Dithmenos
Elyvilon
Fedhas
Gozag
Hepliaklqana
Kikubaaqudgha
Makhleb
Nemelex Xobeh
Okawaru
Qazlal
Ru
Sif Muna
Trog
Uskayaw
Vehumet
Wu Jian
Xom
Yredelemnul
Zin
The Shining One
Lugonu

Shops:
D:1 [   D:6 *   D:7 *   Orc:2 ==!*?   Shoals:3 *   Snake:1 =   Vaults:3 =
Depths:1 ((   Depths:2 :   Depths:3 [*==:

Portals:
Hell: Depths:1 Depths:2 Depths:3 Depths:4
Abyss: Lair:5 Shoals:1 Depths:2 Depths:3
Pandemonium: Depths:2
Ziggurat: Depths:3

Annotations:
D:3 3 runed translucent doors, qw's ghost, amateur GrFi
D:4 1 runed translucent door, qw's ghost, amateur GrCA
Shoals:1 1 runed translucent door
Shoals:3 1 runed translucent door, qw's ghost, adept GrFi
Orc:1 2 transporters, Maimakterion's ghost, journeyman GrFi
Crypt:3 3 runed translucent doors, Ciwiv's ghost, veteran FoFi; Esecs's ghost, veteran GrEE; Osipn's ghost, veteran MiGl
Depths:3 1 runed translucent door, strangelove's ghost, master GrEE
Depths:4 6 runed translucent doors
Zot:4 6 transporters


Message History

You hit the mummy priest.
The mummy priest convulses.
You hit the death scarab.
The death scarab convulses.
You slash the death scarab!
The death scarab convulses.
You hit the emperor scorpion but do no damage. x2
You slash the mummy priest!
The mummy priest convulses!
You slash the ushabti! You block the death scarab's attack.
The death scarab completely misses you.
The emperor scorpion stings you but does no damage.
You block the emperor scorpion's attack.
The emperor scorpion misses you.
The mummy priest mumbles some strange prayers to its god against you.
Something smites you! The death scarab completely misses you.
You block the ushabti's attack.
Enter note:
Enter note:
Enter note:
Enter note:
Enter note:
Enter note:
Enter note:
Enter note: You chop the mummy priest into pieces!!!
You destroy the mummy priest!
The Shining One accepts your kill.
You slice the ushabti!! You hit the mummy priest.
The mummy priest convulses.
You slice the death scarab!!
The death scarab convulses.
You destroy the death scarab!
The death scarab's corpse disappears in a puff of smoke!
You slice the emperor scorpion!! You slash the emperor scorpion!
You hit the emperor scorpion but do no damage.
You feel extremely nervous for a moment...
You are engulfed in negative energy!
You resist.
The emperor scorpion stings you but does no damage.
You block the emperor scorpion's attack. x2
You hear a loud "Zot"!
You block the emperor scorpion's attack.
The emperor scorpion claws you.
The emperor scorpion claws you but does no damage.
The royal mummy points at you and mumbles some strange words.
Something smites you!
You die...

##$$$[$$..##WB...^##.....$)|[##
##$=$$$$...##...%%.##....$$$/)=##
#$$$$$$.....#.^....#.......$/|[/#
$$$$$$$$....#%)....#..^...$$$))[)
$[$$$$$^.9.9MM.M^..'M.....^.?|://
$$(/$$(¤....#M9M...#s......$$$:)/
$$$$$$.M....#MMM...#.¤..^....$$$$
$$$.$¤.....##M9s9B.##..........)$
$$$........##9ss@B.##......^...?$
:^........##9M9sMss.##..........$
../...^.<##LsMMss....##<....$....
........##.Z9MMBM9....##.........
$$..^..##....MMBBM.....##...
##....## .......s...$...##..
###'### .......s..¤¤...## . ..^#
..^....s.¤.¤....# .. ##
..M..B.B...#


You could see 7 royal mummies, 12 emperor scorpions, a lich, 6 mummy priests, 3
guardian mummies, 9 ushabtiu, 5 death scarabs, 3 mummies and a dire elephant
skeleton.

Vanquished Creatures
  4 ancient liches
  A dread lich (Crypt:3)
  An orb of fire (Zot:3)
  10 royal mummies
  Sojobo (Crypt:1)
  Josephina (Crypt:1)
  Boris (5 times) (Vaults:3 Depths:1 Depths:4 Crypt:1 Crypt:3)
  Vv (Zot:1)
  Frederick (Vaults:3)
  A curse toe (Zot:3)
  Vashnia (Snake:4)
  Saint Roka (Vaults:2)
  Xtahua (Vaults:3)
  6 golden dragons
  Nikola (Snake:3)
  the Enchantress (Depths:2)
  A bone dragon (Crypt:3)
  Jorgrun (Orc:1)
  13 tentacled monstrosities
  Asterion (Depths:1)
  Mlioglotl (Shoals:1)
  8 liches
  8 quicksilver dragons
  5 deep elf master archers
  14 titans
  8 deep elf blademasters
  12 ancient champions
  A death cob (Zot:1)
  8 sphinxes
  17 storm dragons
  8 tengu reavers
  6 shadow dragons
  4 nagarajas
  A draconian monk (Zot:4)
  25 fire giants
  5 revenants
  26 frost giants
  7 draconian scorchers
  A caustic shrike zombie (Depths:1)
  Aizul (Snake:3)
  3 iron dragons
  4 draconian shifters
  15 vault wardens
  2 deep elf sorcerers
  3 curse skulls
  5 spriggan defenders (Depths:2)
  A ghost moth (Zot:4)
  A juggernaut zombie (Depths:3)
  24 ironbound preservers
  3 orc warlords
  25 stone giants
  6 ghouls
  A reaper (Crypt:3)
  6 draconian annihilators
  2 war gargoyles (Vaults:5)
  15 very ugly things
  9 green draconians
  A juggernaut skeleton (Crypt:3)
  7 ironbound thunderhulks
  6 vampire knights
  7 black draconians
  2 deep elf annihilators (Depths:2)
  A bennu (Tomb:2)
  A deep elf demonologist (Crypt:3)
  6 purple draconians
  Azrael (Snake:3)
  A spark wasp (shapeshifter) (Depths:4)
  4 dire elephants (Vaults:1)
  8 white draconians
  A minotaur (shapeshifter) (Vaults:5)
  11 red draconians
  Snorg (Lair:4)
  7 yellow draconians
  7 spark wasps
  7 eidola
  4 deep elf death magi
  An entropy weaver (Vaults:5)
  10 ettins
  16 mummy priests
  12 yaktaur captains
  11 fire dragons
  2 jiangshi (Depths:3)
  4 merfolk javelineers
  A spriggan zombie (Depths:1)
  10 merfolk impalers
  An entropy weaver (shapeshifter) (Vaults:5)
  5 great orbs of eyes
  4 deep elf high priests
  10 ice dragons
  A quicksilver dragon skeleton (Depths:3)
  3 hydras
  5 anacondas
  30 vault guards
  3 salamander tyrants
  A peacekeeper (Vaults:2)
  2 juggernaut simulacra
  11 ironbound frosthearts
  5 merfolk avatars
  A rakshasa (Depths:3)
  3 boulder beetles
  9 spriggan air magi
  13 centaur warriors
  3 ogre magi
  2 alligator snapping turtles
  2 dancing weapons (D:13)
  Erica (D:10)
  3 death knights
  An alligator (shapeshifter) (Vaults:5)
  17 deep troll earth magi
  A quicksilver ooze zombie (Crypt:3)
  15 two-headed ogres
  5 death yaks (Lair:4)
  9 deep troll shamans
  6 merfolk aquamancers (Shoals:4)
  17 naga warriors
  5 tengu warriors
  31 death scarabs
  3 orc high priests (Orc:2)
  7 shock serpents
  6 naga sharpshooters
  9 spriggan berserkers
  2 thrashing horrors (Lair:5)
  9 vampire magi
  Sonja (Lair:4)
  9 deep elf knights
  8 hell knights
  A shock serpent (shapeshifter) (Vaults:5)
  A titan skeleton (Tomb:1)
  A soul eater (Crypt:2)
  6 skysharks
  An anaconda zombie (Tomb:1)
  6 iron trolls
  A skyshark (shapeshifter) (Vaults:3)
  34 skeletal warriors
  A death drake (shapeshifter) (Vaults:5)
  A goliath frog (shapeshifter) (D:15)
  A shadow wraith (Crypt:2)
  A sea snake (shapeshifter) (Depths:3)
  A spark wasp zombie (Depths:3)
  4 flayed ghosts
  A bunyip zombie (Tomb:1)
  8 salamander mystics
  12 sea snakes
  5 naga ritualists
  2 glowing orange brains
  24 ironbound convokers
  77 deep trolls
  A deep troll (shapeshifter) (Vaults:5)
  2 bog bodies
  10 wizards
  6 lindwurms (Vaults:3)
  17 orc knights
  9 deep elf archers
  9 phantasmal warriors
  7 harpies
  3 deep elf zephyrmancers
  11 deep elf pyromancers
  7 necromancers
  5 mana vipers
  4 orc sorcerers
  36 ugly things
  A shining eye (shapeshifter) (Lair:5)
  4 cyclopes
  2 shadow dragon skeletons
  12 manticores
  12 fauns
  2 iron dragon skeletons
  21 salamanders
  16 moths of wrath
  A shock serpent zombie (Crypt:1)
  2 smoke demons (Lair:5)
  13 elephants
  17 vault sentinels
  5 merfolk sirens
  2 torpor snails (Lair:3)
  32 black mambas
  An apocalypse crab (Shoals:1)
  8 guardian serpents
  2 large abominations (Lair:5)
  12 naga magi
  9 water nymphs
  A gargoyle (D:13)
  8 cane toads
  A dire elephant skeleton (Crypt:2)
  2 efreet
  3 unseen horrors (D:11)
  3 rime drakes
  45 yaktaurs
  A rime drake (shapeshifter) (Vaults:5)
  5 komodo dragons
  3 freezing wraiths
  6 tengu conjurers
  An anaconda simulacrum (Crypt:1)
  3 ancient zymes (Lair:5)
  A redback zombie (Crypt:2)
  31 guardian mummies
  A red draconian skeleton (Crypt:3)
  A harpy zombie (Tomb:2)
  5 trolls
  A meliai (shapeshifter) (Lair:5)
  A troll (shapeshifter) (D:13)
  19 merfolk
  A death drake skeleton (Crypt:2)
  5 wind drakes (Shoals:4)
  6 hornets
  A harpy skeleton (Crypt:3)
  15 dream sheep
  A tarantella zombie (Crypt:1)
  29 blink frogs
  A jumping spider zombie (Crypt:1)
  9 snapping turtles
  31 slime creatures
  A dream sheep (shapeshifter) (Vaults:5)
  22 flying skulls
  7 air elementals (Shoals:4)
  2 shadows (D:9)
  A vampire (D:10)
  A centaur simulacrum (Crypt:1)
  24 water elementals
  8 spriggans
  A ynoxinul (Lair:5)
  A slime creature (shapeshifter) (Vaults:5)
  A naga simulacrum (Crypt:3)
  10 wraiths
  7 basilisks
  4 fire elementals
  A yak (shapeshifter) (D:15)
  31 yaks
  A wyvern (D:7)
  14 ushabtiu
  A catoblepas simulacrum (Crypt:1)
  2 chaos spawn (Lair:5)
  2 tyrant leech zombies
  A steam dragon (D:9)
  17 vampire mosquitoes
  A redback (Vaults:5)
  2 wargs
  46 nagas
  3 acid dragons
  A deep troll zombie (Crypt:1)
  2 two-headed ogre zombies
  2 hell hounds (Snake:3)
  2 hydra simulacra
  A floating eye (Depths:2)
  A faun skeleton (Crypt:3)
  13 water moccasins
  3 black bears (D:11)
  26 orc warriors
  A snapping turtle zombie (Crypt:3)
  2 ice beasts
  3 spriggan simulacra
  A swamp drake (D:9)
  A sky beast (D:7)
  A manticore zombie (Crypt:2)
  A swamp dragon zombie (Tomb:1)
  10 boggarts
  15 wolves
  10 ogres
  2 centaurs
  11 kobold brigands
  14 bullfrogs
  A cyclops zombie (Crypt:3)
  5 necrophages
  2 gnoll sergeants
  2 scorpions
  A troll zombie (D:9)
  10 wights (D:8)
  12 small abominations (Lair:5)
  A yak skeleton (Crypt:2)
  5 killer bees (D:9)
  12 electric eels
  4 howler monkeys
  3 lava snakes (Lair:3)
  A crimson imp (D:9)
  A bullfrog zombie (Crypt:2)
  7 hounds
  14 orc priests
  3 jellies
  An iron imp (D:9)
  31 orc wizards
  2 sleepcaps
  A scorpion zombie (Crypt:3)
  An ice beast zombie (Crypt:1)
  6 ogre zombies (D:9)
  34 mummies
  7 adders
  8 gnolls
  A shadow imp (D:5)
  A white imp (D:9)
  An ufetubus (D:6)
  2 worms
  2 dart slugs
  73 orcs
  9 ball pythons
  10 endoplasms
  4 giant cockroaches
  8 goblins
  7 hobgoblins
  32 kobolds
  2 quokkas
  12 bats
  4 frilled lizards
  A giant cockroach zombie (Crypt:1)
  3 goblin zombies (D:9)
  2 hobgoblin skeletons (D:9)
  6 hobgoblin zombies (D:9)
  A jackal zombie (Crypt:1)
  4 orc skeletons (D:9)
  10 orc zombies (D:9)
  8 rats
  7 spectral weapons
2224 creatures vanquished.

Vanquished Creatures (collateral kills)
  7 royal mummies
  A titan (Tomb:1)
  An ancient champion (Tomb:1)
  A frost giant (Crypt:3)
  A stone giant (Tomb:2)
  2 bennus (Tomb:2)
  2 mummy priests (Tomb:2)
  A green death (Tomb:1)
  A spriggan skeleton (Tomb:2)
  4 death scarabs (Tomb:1)
  A deep elf archer (Tomb:2)
  A deep elf pyromancer (Tomb:2)
  6 guardian mummies
  A flying skull (Tomb:2)
  A two-headed ogre skeleton (Crypt:3)
  6 mummies (Tomb:2)
37 creatures vanquished.

Vanquished Creatures (others)
  A fire giant (Depths:1)
  A draconian shifter (Zot:2)
  A bennu (Tomb:2)
  A hell knight (Depths:1)
  A deep elf pyromancer (Tomb:1)
  A naga (Snake:4)
  A shadow imp (D:9)
  A kobold (D:9)
  84 spectral weapons
92 creatures vanquished.

Grand Total: 2353 creatures vanquished

Notes
Turn   | Place    | Note
-------+----------+-------------------------------------------
     0 | D:1      | qw the Gargoyle Fighter began the quest for the Orb.
     0 | D:1      | Reached XP level 1. HP: 14/14 MP: 1/1
     0 | D:1      | 0 ||| qw: Version: 0.2-a-99-g0e97a82
     0 | D:1      | 0 ||| qw: Game counter: 110
     0 | D:1      | 0 ||| qw: Always use a shield: true
     0 | D:1      | 0 ||| qw: God list: Okawaru
     0 | D:1      | 0 ||| qw: Allow faded altars: false
     0 | D:1      | 0 ||| qw: Do Orc after D:15 true
     0 | D:1      | 0 ||| qw: Do second Lair branch before Depths: true
     0 | D:1      | 0 ||| qw: Lair rune preference: random
     0 | D:1      | 0 ||| qw: Plans: Normal, Zot:1-4, God:TSO, Crypt, Tomb,
                  | Pan, Slime:5, Hells, Abyss, Win
     0 | D:1      | 0 ||| PLANNING D:1-11
    81 | D:1      | Found Heth's Armour Shoppe.
   107 | D:1      | 107 ||| SHOPLISTING +0 pair of gloves (45 gold, have 27).
   107 | D:1      | 107 ||| SHOPLISTING +0 ring mail of the Constellations {rC+
                  | Int+5} (285 gold, have 27).
   107 | D:1      | 107 ||| SHOPLISTING +1 ring mail of cold resistance (160
                  | gold, have 27).
   107 | D:1      | 107 ||| SHOPLISTING +2 fire dragon scales (720 gold, have
                  | 27).
   107 | D:1      | 107 ||| SHOPLISTING +3 leather armour of cold resistance
                  | (240 gold, have 27).
   107 | D:1      | 107 ||| SHOPLISTING +3 scale mail of poison resistance (230
                  | gold, have 27).
   116 | D:1      | Reached XP level 2. HP: 11/19 MP: 2/2
   490 | D:1      | 490 ||| Stepping ~*~*~tactically~*~*~ (hiding).
   491 | D:1      | 491 ||| Stepping ~*~*~tactically~*~*~ (hiding).
   750 | D:1      | Reached skill level 3 in Axes
   903 | D:1      | Reached XP level 3. HP: 23/23 MP: 3/3
  1047 | D:1      | You fall into a shaft and drop 1 floor!
  1137 | D:2      | 1137 ||| DROPPING +0 club.
  1341 | D:2      | Reached XP level 4. HP: 28/28 MP: 4/4
  1363 | D:2      | 1363 ||| Stepping ~*~*~tactically~*~*~ (stealth).
  1369 | D:2      | 1369 ||| Stepping ~*~*~tactically~*~*~ (stealth).
  1470 | D:2      | 1470 ||| UPGRADING to +0 chain mail.
  1480 | D:2      | 1480 ||| DROPPING +0 scale mail.
  1481 | D:2      | 1481 ||| UPGRADING to amulet of guardian spirit.
  1486 | D:2      | 1486 ||| UPGRADING to ring of protection from fire.
  1487 | D:2      | 1487 ||| UPGRADING to ring of see invisible.
  1488 | D:2      | 1488 ||| READING scroll labelled ASIYNI VELIUHAXKER.
  1489 | D:2      | 1489 ||| READING 5 scrolls labelled OSYLEA PEDUSS.
  1490 | D:2      | 1490 ||| READING scroll labelled RACZEMIMUB.
  1491 | D:2      | 1491 ||| READING scroll labelled EBAGURPHIDUE.
  1492 | D:2      | 1492 ||| READING scroll labelled SUEG DAVAODGHUN.
  1493 | D:2      | 1493 ||| READING scroll labelled DILAD XAIZEYNU.
  1497 | D:2      | 1497 ||| DRINKING 2 amethyst potions.
  1498 | D:2      | 1498 ||| READING 4 scrolls of identify.
  1498 | D:2      | 1498 ||| IDENTIFYING green potion
  1722 | D:2      | 1722 ||| Stepping ~*~*~tactically~*~*~ (hiding).
  1829 | D:2      | Found a broken altar of Ashenzari.
  2217 | D:2      | 2217 ||| UPGRADING to +0 pair of gloves.
  2222 | D:2      | 2222 ||| READING 5 scrolls of identify.
  2222 | D:2      | 2222 ||| IDENTIFYING bubbling black potion
  2223 | D:2      | 2223 ||| DROPPING potion of ambrosia.
  2259 | D:3      | 2259 ||| PLANNING SEWER
  2296 | D:3      | 2296 ||| Stepping ~*~*~tactically~*~*~ (stealth).
  2298 | D:3      | 2298 ||| Stepping ~*~*~tactically~*~*~ (hiding).
  2323 | D:3      | 2323 ||| Stepping ~*~*~tactically~*~*~ (stealth).
  2456 | D:3      | 2456 ||| DROPPING +0 whip.
  2588 | D:3      | 2588 ||| Stepping ~*~*~tactically~*~*~ (hiding).
  2702 | D:3      | Found a glowing drain.
  2703 | D:3      | 2703 ||| READING scroll labelled RAEQUI ISOU.
  2704 | D:3      | 2704 ||| READING 4 scrolls of identify.
  2704 | D:3      | 2704 ||| IDENTIFYING brown potion
  2705 | D:3      | 2705 ||| DROPPING potion of brilliance.
  2706 | D:3      | 2706 ||| Stepping randomly (stuck).
  2707 | D:3      | 2707 ||| Stepping randomly (stuck).
  2708 | D:3      | 2708 ||| Stepping randomly (stuck).
  2709 | D:3      | 2709 ||| FLEEEEING.
  2710 | D:3      | 2710 ||| FLEEEEING.
  2727 | D:3      | 2727 ||| FLEEEEING.
  2728 | D:3      | 2728 ||| FLEEEEING.
  2729 | D:3      | 2729 ||| FLEEEEING.
  2730 | D:3      | 2730 ||| FLEEEEING.
  2731 | D:3      | 2731 ||| FLEEEEING.
  2735 | D:3      | 2735 ||| FLEEEEING.
  2736 | D:3      | 2736 ||| FLEEEEING.
  2737 | D:3      | 2737 ||| FLEEEEING.
  2738 | D:3      | 2738 ||| FLEEEEING.
  2753 | D:3      | 2753 ||| FLEEEEING.
  2762 | D:3      | 2762 ||| FLEEEEING.
  2763 | D:3      | 2763 ||| FLEEEEING.
  2776 | D:3      | 2776 ||| FLEEEEING.
  2777 | D:3      | 2777 ||| FLEEEEING.
  2778 | D:3      | 2778 ||| FLEEEEING.
  2783 | D:3      | 2783 ||| STAIRDANCE
  2787 | D:3      | 2787 ||| STAIRDANCE
  2791 | D:3      | 2791 ||| STAIRDANCE
  2795 | D:3      | 2795 ||| STAIRDANCE
  2799 | D:3      | 2799 ||| STAIRDANCE
  2875 | Sewer    | Entered a sewer
  2901 | Sewer    | Noticed a kobold brigand
  2901 | Sewer    | Noticed a kobold brigand
  2901 | Sewer    | Noticed a kobold brigand
  2912 | Sewer    | Killed a kobold brigand
  2913 | Sewer    | Reached XP level 5. HP: 11/32 MP: 1/5
  2914 | Sewer    | HP: 8/32 [kobold brigand/+0 whip (3)]
  2916 | Sewer    | Killed a kobold brigand
  2917 | Sewer    | Reached skill level 4 in Fighting
  2917 | Sewer    | Reached XP level 6. HP: 7/39 MP: 1/6
  3204 | Sewer    | 3204 ||| Stepping ~*~*~tactically~*~*~ (water).
  3212 | Sewer    | Reached skill level 6 in Axes
  3218 | Sewer    | Reached skill level 1 in Dodging
  3218 | Sewer    | Reached XP level 7. HP: 35/44 MP: 4/7
  3355 | Sewer    | 3355 ||| UPGRADING to +0 plate armour.
  3365 | Sewer    | 3365 ||| DROPPING +0 chain mail.
  3366 | Sewer    | 3366 ||| READING scroll labelled WODDES BEACANA.
  3367 | Sewer    | 3367 ||| READING 3 scrolls of identify.
  3367 | Sewer    | 3367 ||| IDENTIFYING silvery potion
  3368 | Sewer    | 3368 ||| READING 2 scrolls of identify.
  3368 | Sewer    | 3368 ||| IDENTIFYING viscous white potion
  3369 | Sewer    | 3369 ||| DROPPING potion of magic.
  3384 | D:3      | 3384 ||| PLANNING D:1-11
  3395 | D:3      | 3395 ||| DROPPING +0 whip of freezing.
  3543 | D:3      | Found a runed translucent gate.
  3543 | D:3      | Found a runed translucent gate.
  3543 | D:3      | Found a runed translucent gate.
  3544 | D:3      | Noticed qw's ghost (amateur GrFi)
  3799 | D:3      | 3799 ||| READING scroll labelled BUMYKIF JOBLYI.
  3896 | D:4      | 3896 ||| DROPPING +2 hand axe of freezing.
  3918 | D:4      | 3918 ||| Stepping ~*~*~tactically~*~*~ (hiding).
  3919 | D:4      | 3919 ||| Stepping ~*~*~tactically~*~*~ (hiding).
  4050 | D:4      | Found a runed translucent door.
  4050 | D:4      | Noticed qw's ghost (amateur GrCA)
  4097 | D:4      | Found a white marble altar of Elyvilon.
  4120 | D:4      | Found a hazy altar of Hepliaklqana.
  4507 | D:4      | 4507 ||| UPGRADING to +0 pair of boots.
  4512 | D:4      | 4512 ||| READING scroll labelled XECSESI ACHAE.
  4513 | D:4      | 4513 ||| READING scroll labelled WAMNIU ZAUWITE.
  4614 | D:4      | 4614 ||| READING 2 scrolls of identify.
  4614 | D:4      | 4614 ||| IDENTIFYING ruby potion
  4615 | D:4      | 4615 ||| DROPPING potion of invisibility.
  4628 | D:5      | Entered Level 5 of the Dungeon
  4660 | D:5      | 4660 ||| Stepping ~*~*~tactically~*~*~ (hiding).
  4700 | D:5      | Reached skill level 5 in Fighting
  4700 | D:5      | Reached XP level 8. HP: 44/49 MP: 6/8
  4850 | D:5      | Identified the scarf "Herrer" {harm, rElec rF+ Will- Str+4}
  4866 | D:5      | 4866 ||| Stepping ~*~*~tactically~*~*~ (stealth).
  4867 | D:5      | 4867 ||| Stepping ~*~*~tactically~*~*~ (stealth).
  4868 | D:5      | 4868 ||| Stepping ~*~*~tactically~*~*~ (stealth).
  4869 | D:5      | 4869 ||| Stepping ~*~*~tactically~*~*~ (stealth).
  4870 | D:5      | 4870 ||| Stepping ~*~*~tactically~*~*~ (stealth).
  5295 | D:5      | 5295 ||| DRINKING 2 cyan potions.
  5296 | D:5      | 5296 ||| DRINKING 2 metallic pink potions.
  5297 | D:5      | 5297 ||| READING 2 scrolls of identify.
  5297 | D:5      | 5297 ||| IDENTIFYING fizzy ruby potion
  5298 | D:5      | 5298 ||| DROPPING potion of flight.
  5580 | D:6      | Found Linotupa's Fire Supplies.
  5588 | D:6      | 5588 ||| BUYING +2 flail of flaming (237 gold).
  5588 | D:6      | Bought a +2 flail of flaming for 237 gold pieces
  5588 | D:6      | 5588 ||| SHOPLISTING ring of fire (325 gold, have 30).
  5588 | D:6      | 5588 ||| SHOPLISTING ring of protection from fire (325
                  | gold, have 30).
  5588 | D:6      | 5588 ||| DROPPING +0 flail.
  6010 | D:6      | Reached skill level 6 in Fighting
  6019 | D:6      | Found a staircase to the Ecumenical Temple.
  6020 | D:6      | 6020 ||| PLANNING TEMPLE
  6020 | D:6      | 6020 ||| UPGRADING to +1 helmet.
  6025 | D:6      | 6025 ||| DROPPING amulet of magic regeneration.
  6026 | D:6      | 6026 ||| READING 4 scrolls of identify.
  6026 | D:6      | 6026 ||| IDENTIFYING glowing puce potion
  6032 | Temple   | Entered the Ecumenical Temple
  6082 | Temple   | 6082 ||| PLANNING OKAWARU WORSHIP
  6114 | Temple   | Became a worshipper of Warmaster Okawaru
  6114 | Temple   | 6114 ||| PLANNING D:1-11
  6115 | Temple   | 6115 ||| REMOVING amulet of guardian spirit.
  6120 | Temple   | 6120 ||| DROPPING amulet of guardian spirit.
  6207 | D:6      | Reached XP level 9. HP: 55/55 MP: 9/9
  6367 | D:7      | Reached skill level 6 in Armour
  6917 | D:7      | Found Iptyg's General Store.
  6927 | D:7      | 6927 ||| SHOPLISTING +0 morningstar of Luvutog {protect,
                  | rC- rN+ Int+4 Dex+4} (335 gold, have 96).
  6927 | D:7      | 6927 ||| BUYING potion of curing (39 gold).
  6927 | D:7      | Bought a potion of curing for 39 gold pieces
  6977 | D:7      | 6977 ||| Stepping ~*~*~tactically~*~*~ (stealth).
  6988 | D:7      | Reached * piety under Okawaru
  6989 | D:7      | Reached skill level 9 in Axes
  7209 | D:7      | 7209 ||| UPGRADING to +0 cloak.
  7214 | D:7      | 7214 ||| DROPPING amulet of faith.
  7249 | D:8      | Reached skill level 1 in Invocations
  7346 | D:8      | Found an ornate altar of the Wu Jian Council.
  7352 | D:8      | Found a shimmering altar of Xom.
  7354 | D:8      | Found a broken altar of Ashenzari.
  7354 | D:8      | Found a snail-covered altar of Cheibriados.
  7355 | D:8      | Found a sacrificial altar of Ru.
  7355 | D:8      | Found a shadowy altar of Dithmenos.
  7355 | D:8      | Found a shimmering blue altar of Sif Muna.
  7355 | D:8      | Found a bloodstained altar of Trog.
  7383 | D:8      | 7383 ||| INVOKING Heroism.
  7397 | D:8      | HP: 11/55 [wight/+0 halberd (4)]
  7398 | D:8      | 7398 ||| READING 2 scrolls of teleportation.
  7398 | D:8      | HP: 1/55 [wight/+0 halberd (7)]
  7399 | D:8      | 7399 ||| DRINKING 2 potions of heal wounds.
  7400 | D:8      | 7400 ||| INVOKING Heroism.
  7438 | D:8      | 7438 ||| INVOKING Heroism.
  7520 | D:8      | 7520 ||| FLEEEEING.
  7521 | D:8      | 7521 ||| FLEEEEING.
  7522 | D:8      | 7522 ||| FLEEEEING.
  7737 | D:8      | Reached skill level 7 in Fighting
  7921 | D:8      | 7921 ||| INVOKING Heroism.
  7953 | D:8      | 7953 ||| DROPPING +2 flail of flaming.
  8359 | D:8      | 8359 ||| UPGRADING to amulet of the acrobat.
  8364 | D:8      | 8364 ||| READING scroll labelled KEF KYNKIOZE.
  8365 | D:8      | 8365 ||| READING scroll labelled LUSOXKO QOUQI.
  8366 | D:8      | 8366 ||| READING 4 scrolls of identify.
  8366 | D:8      | 8366 ||| IDENTIFYING glowing purple potion
  8394 | D:9      | Noticed a hornet
  8406 | D:9      | Reached skill level 3 in Invocations
  8413 | D:9      | 8413 ||| INVOKING Heroism.
  8422 | D:9      | Killed a hornet
  8423 | D:9      | Reached XP level 10. HP: 26/63 MP: 10/12
  8535 | D:9      | 8535 ||| Stepping ~*~*~tactically~*~*~ (stealth).
  8576 | D:9      | 8576 ||| Stepping ~*~*~tactically~*~*~ (stealth).
  8644 | D:9      | 8644 ||| Stepping ~*~*~tactically~*~*~ (stealth).
  8650 | D:9      | 8650 ||| Stepping ~*~*~tactically~*~*~ (stealth).
  8689 | D:9      | 8689 ||| Stepping ~*~*~tactically~*~*~ (hiding).
  8690 | D:9      | 8690 ||| Stepping ~*~*~tactically~*~*~ (hiding).
  8699 | D:9      | 8699 ||| Stepping ~*~*~tactically~*~*~ (hiding).
  8723 | D:9      | 8723 ||| INVOKING Heroism.
  8823 | D:9      | Found a staircase to the Orcish Mines.
  8841 | D:9      | 8841 ||| Stepping ~*~*~tactically~*~*~ (stealth).
  8895 | D:9      | 8895 ||| INVOKING Heroism.
  8898 | D:9      | Reached skill level 8 in Fighting
  8921 | D:9      | 8921 ||| Stepping ~*~*~tactically~*~*~ (stealth).
  8956 | D:9      | 8956 ||| FLEEEEING.
  8957 | D:9      | 8957 ||| FLEEEEING.
  8958 | D:9      | 8958 ||| FLEEEEING.
  8973 | D:9      | 8973 ||| FLEEEEING.
  9203 | D:9      | 9203 ||| Stepping ~*~*~tactically~*~*~ (hiding).
  9207 | D:9      | 9207 ||| INVOKING Heroism.
  9392 | D:9      | 9392 ||| INVOKING Heroism.
  9416 | D:9      | 9416 ||| SWAPPING to +2 war axe of electrocution.
  9417 | D:9      | 9417 ||| DROPPING +1 war axe.
  9523 | D:9      | Noticed a deep elf zephyrmancer
  9530 | D:9      | Noticed a deep elf zephyrmancer
  9534 | D:9      | 9534 ||| INVOKING Heroism.
  9536 | D:9      | Killed a deep elf zephyrmancer
  9536 | D:9      | Reached ** piety under Okawaru
  9538 | D:9      | Killed a deep elf zephyrmancer
  9630 | D:9      | Identified the +2 hat of the Trout {Str+4 Dex-5}
  9861 | D:9      | 9861 ||| Stepping ~*~*~tactically~*~*~ (hiding).
  9866 | D:9      | 9866 ||| INVOKING Heroism.
  9928 | D:9      | 9928 ||| DROPPING +1 hat.
  9929 | D:9      | 9929 ||| DROPPING +2 hat of the Trout {Str+4 Dex-5}.
  9930 | D:9      | 9930 ||| DROPPING +2 hat.
  9931 | D:9      | 9931 ||| READING scroll labelled QIVUNIR LAMUPN.
  9962 | D:10     | Entered Level 10 of the Dungeon
  9964 | D:10     | Noticed Erica
  9965 | D:10     | 9965 ||| INVOKING Heroism.
  9988 | D:10     | 9988 ||| Stepping ~*~*~tactically~*~*~ (hiding).
  9989 | D:10     | 9989 ||| Stepping ~*~*~tactically~*~*~ (hiding).
  9992 | D:10     | 9992 ||| DRINKING 2 potions of curing.
  9992 | D:10     | 9992 ||| (to cure confusion)
  9997 | D:10     | Killed Erica
  9998 | D:10     | Reached skill level 9 in Fighting
  9998 | D:10     | Reached XP level 11. HP: 37/71 MP: 14/14
 10190 | D:10     | 10190 ||| Stepping ~*~*~tactically~*~*~ (hiding).
 10194 | D:10     | 10194 ||| INVOKING Heroism.
 10208 | D:10     | 10208 ||| DRINKING potion of curing.
 10208 | D:10     | 10208 ||| (to cure confusion)
 10340 | D:10     | 10340 ||| FLEEEEING.
 10341 | D:10     | 10341 ||| FLEEEEING.
 10342 | D:10     | 10342 ||| FLEEEEING.
 10343 | D:10     | 10343 ||| FLEEEEING.
 10344 | D:10     | 10344 ||| FLEEEEING.
 10345 | D:10     | 10345 ||| FLEEEEING.
 10346 | D:10     | 10346 ||| Stepping ~*~*~tactically~*~*~ (hiding).
 10348 | D:10     | 10348 ||| Stepping ~*~*~tactically~*~*~ (hiding).
 10350 | D:10     | 10350 ||| INVOKING Heroism.
 10560 | D:10     | Reached skill level 9 in Armour
 10682 | D:10     | 10682 ||| UPGRADING to +2 pair of gloves.
 10692 | D:10     | 10692 ||| DROPPING +0 pair of gloves.
 10693 | D:10     | 10693 ||| DROPPING ring of see invisible.
 10694 | D:10     | 10694 ||| UPGRADING to +4 ring of protection.
 10696 | D:10     | 10696 ||| READING 6 scrolls of identify.
 10696 | D:10     | 10696 ||| IDENTIFYING pink potion
 10716 | D:11     | Found a staircase to the Lair.
 10721 | D:11     | Reached *** piety under Okawaru
 10754 | D:11     | 10754 ||| Stepping ~*~*~tactically~*~*~ (stealth).
 10762 | D:11     | 10762 ||| INVOKING Heroism.
 10766 | D:11     | 10766 ||| Stepping ~*~*~tactically~*~*~ (stealth).
 10787 | D:11     | 10787 ||| Stepping ~*~*~tactically~*~*~ (stealth).
 10788 | D:11     | 10788 ||| Stepping ~*~*~tactically~*~*~ (stealth).
 10815 | D:11     | 10815 ||| Stepping ~*~*~tactically~*~*~ (stealth).
 10817 | D:11     | 10817 ||| FLEEEEING.
 10827 | D:11     | 10827 ||| FLEEEEING.
 10828 | D:11     | 10828 ||| FLEEEEING.
 10829 | D:11     | 10829 ||| FLEEEEING.
 10929 | D:11     | Noticed a manticore
 10930 | D:11     | 10930 ||| INVOKING Heroism.
 10939 | D:11     | Killed a manticore
 10940 | D:11     | Reached skill level 12 in Axes
 11029 | D:11     | Noticed a two-headed ogre
 11030 | D:11     | 11030 ||| INVOKING Heroism.
 11036 | D:11     | Killed a two-headed ogre
 11072 | D:11     | Noticed a two-headed ogre
 11073 | D:11     | 11073 ||| INVOKING Heroism.
 11080 | D:11     | Killed a two-headed ogre
 11081 | D:11     | Reached skill level 6 in Shields
 11426 | D:11     | Reached **** piety under Okawaru
 11453 | D:11     | 11453 ||| Stepping ~*~*~tactically~*~*~ (stealth).
 11803 | D:11     | 11803 ||| PLANNING LAIR
 11803 | D:11     | 11803 ||| DROPPING ring of flight.
 11804 | D:11     | 11804 ||| READING scroll labelled OROSYOC OFONUZ.
 11858 | Lair:1   | Entered Level 1 of the Lair of Beasts
 11893 | Lair:1   | 11893 ||| INVOKING Heroism.
 11901 | Lair:1   | Reached skill level 10 in Fighting
 11940 | Lair:1   | 11940 ||| Stepping ~*~*~tactically~*~*~ (stealth).
 11945 | Lair:1   | 11945 ||| Stepping ~*~*~tactically~*~*~ (stealth).
 11949 | Lair:1   | Reached XP level 12. HP: 77/77 MP: 15/15
 11977 | Lair:1   | 11977 ||| Stepping ~*~*~tactically~*~*~ (stealth).
 11979 | Lair:1   | 11979 ||| INVOKING Heroism.
 12559 | Lair:1   | 12559 ||| Stepping ~*~*~tactically~*~*~ (hiding).
 12560 | Lair:1   | 12560 ||| Stepping ~*~*~tactically~*~*~ (hiding).
 12561 | Lair:1   | 12561 ||| Stepping ~*~*~tactically~*~*~ (hiding).
 12791 | Lair:1   | 12791 ||| UPGRADING to amulet of regeneration.
 12801 | Lair:1   | 12801 ||| DROPPING amulet of the acrobat.
 12942 | Lair:2   | Reached skill level 1 in Throwing
 12951 | Lair:2   | Reached skill level 6 in Invocations
 12962 | Lair:2   | Noticed a boulder beetle
 12963 | Lair:2   | 12963 ||| INVOKING Heroism.
 12970 | Lair:2   | Killed a boulder beetle
 13213 | Lair:2   | Found a staircase to the Shoals.
 13441 | Lair:2   | 13441 ||| READING scroll labelled METURH WINUMA.
 13493 | Lair:3   | 13493 ||| FLEEEEING.
 13494 | Lair:3   | 13494 ||| FLEEEEING.
 13495 | Lair:3   | 13495 ||| FLEEEEING.
 13496 | Lair:3   | 13496 ||| FLEEEEING.
 13497 | Lair:3   | 13497 ||| FLEEEEING.
 13526 | Lair:3   | 13526 ||| FLEEEEING.
 13527 | Lair:3   | 13527 ||| FLEEEEING.
 13528 | Lair:3   | 13528 ||| FLEEEEING.
 13581 | Lair:3   | 13581 ||| Stepping ~*~*~tactically~*~*~ (stealth).
 13583 | Lair:3   | 13583 ||| Stepping ~*~*~tactically~*~*~ (stealth).
 13586 | Lair:3   | 13586 ||| Stepping ~*~*~tactically~*~*~ (stealth).
 13597 | Lair:3   | 13597 ||| FLEEEEING.
 13632 | Lair:3   | 13632 ||| Stepping ~*~*~tactically~*~*~ (stealth).
 13699 | Lair:3   | 13699 ||| INVOKING Heroism.
 13731 | Lair:3   | 13731 ||| Stepping ~*~*~tactically~*~*~ (stealth).
 13733 | Lair:3   | 13733 ||| Stepping ~*~*~tactically~*~*~ (stealth).
 13737 | Lair:3   | 13737 ||| INVOKING Heroism.
 13751 | Lair:3   | Reached skill level 3 in Throwing
 13816 | Lair:3   | Found a staircase to the Snake Pit.
 14176 | Lair:3   | 14176 ||| UPGRADING to +3 plate armour.
 14186 | Lair:3   | 14186 ||| DROPPING +0 plate armour.
 14187 | Lair:3   | 14187 ||| UPGRADING to scarf of repulsion.
 14271 | Lair:4   | 14271 ||| INVOKING Heroism.
 14290 | Lair:4   | 14290 ||| STAIRDANCE
 14293 | Lair:3   | 14293 ||| INVOKING Heroism.
 14378 | Lair:4   | Noticed Snorg
 14379 | Lair:4   | 14379 ||| INVOKING Heroism.
 14387 | Lair:4   | Noticed Sonja
 14398 | Lair:4   | Killed Snorg
 14433 | Lair:4   | Killed Sonja
 14434 | Lair:4   | Reached skill level 9 in Invocations
 14438 | Lair:4   | Noticed a skyshark
 14452 | Lair:4   | 14452 ||| INVOKING Heroism.
 14455 | Lair:4   | Killed a skyshark
 14476 | Lair:4   | Reached XP level 13. HP: 71/82 MP: 19/19
 14529 | Lair:4   | 14529 ||| INVOKING Heroism.
 14609 | Lair:4   | 14609 ||| Stepping ~*~*~tactically~*~*~ (stealth).
 14610 | Lair:4   | 14610 ||| Stepping ~*~*~tactically~*~*~ (stealth).
 14657 | Lair:4   | 14657 ||| FLEEEEING.
 14658 | Lair:4   | 14658 ||| Stepping ~*~*~tactically~*~*~ (stealth).
 14659 | Lair:4   | 14659 ||| FLEEEEING.
 14660 | Lair:4   | 14660 ||| FLEEEEING.
 14661 | Lair:4   | 14661 ||| FLEEEEING.
 14662 | Lair:4   | 14662 ||| FLEEEEING.
 14663 | Lair:4   | 14663 ||| FLEEEEING.
 14664 | Lair:4   | 14664 ||| FLEEEEING.
 14665 | Lair:4   | 14665 ||| FLEEEEING.
 14666 | Lair:4   | 14666 ||| FLEEEEING.
 14667 | Lair:4   | 14667 ||| FLEEEEING.
 14668 | Lair:4   | 14668 ||| FLEEEEING.
 14669 | Lair:4   | 14669 ||| FLEEEEING.
 14670 | Lair:4   | 14670 ||| FLEEEEING.
 14671 | Lair:4   | 14671 ||| FLEEEEING.
 14672 | Lair:4   | 14672 ||| FLEEEEING.
 14673 | Lair:4   | 14673 ||| FLEEEEING.
 14674 | Lair:4   | 14674 ||| FLEEEEING.
 14675 | Lair:4   | 14675 ||| FLEEEEING.
 14676 | Lair:4   | 14676 ||| FLEEEEING.
 14677 | Lair:4   | 14677 ||| FLEEEEING.
 14678 | Lair:4   | 14678 ||| FLEEEEING.
 14679 | Lair:4   | 14679 ||| FLEEEEING.
 14680 | Lair:4   | 14680 ||| FLEEEEING.
 14681 | Lair:4   | 14681 ||| FLEEEEING.
 14682 | Lair:4   | 14682 ||| FLEEEEING.
 14683 | Lair:4   | 14683 ||| STAIRDANCE
 14687 | Lair:4   | 14687 ||| STAIRDANCE
 14689 | Lair:3   | 14689 ||| INVOKING Heroism.
 14705 | Lair:4   | 14705 ||| Stepping ~*~*~tactically~*~*~ (stealth).
 14708 | Lair:4   | 14708 ||| Stepping ~*~*~tactically~*~*~ (stealth).
 14709 | Lair:4   | 14709 ||| Stepping ~*~*~tactically~*~*~ (stealth).
 14730 | Lair:4   | 14730 ||| INVOKING Heroism.
 14732 | Lair:4   | 14732 ||| SWAPPING to +0 morningstar.
 14747 | Lair:4   | 14747 ||| SWAPPING to +2 war axe of electrocution.
 14788 | Lair:4   | 14788 ||| INVOKING Heroism.
 14904 | Lair:4   | Reached ***** piety under Okawaru
 14906 | Lair:4   | 14906 ||| INVOKING Heroism.
 14928 | Lair:4   | 14928 ||| INVOKING Finesse.
 15165 | Lair:4   | Received a gift from Okawaru
 15186 | Lair:4   | 15186 ||| SWAPPING to +1 heavy broad axe.
 15187 | Lair:4   | 15187 ||| DROPPING +2 war axe of electrocution.
 15324 | Lair:4   | 15324 ||| READING scroll labelled NORREL SOFAFA.
 15329 | Lair:5   | Entered Level 5 of the Lair of Beasts
 15373 | Lair:5   | 15373 ||| Stepping ~*~*~tactically~*~*~ (hiding).
 15383 | Lair:5   | 15383 ||| INVOKING Heroism.
 15435 | Lair:5   | 15435 ||| INVOKING Heroism.
 15436 | Lair:5   | 15436 ||| SWAPPING to +0 morningstar.
 15437 | Lair:5   | 15437 ||| INVOKING Finesse.
 15447 | Lair:5   | 15447 ||| Stepping ~*~*~tactically~*~*~ (hiding).
 15448 | Lair:5   | 15448 ||| SWAPPING to +1 broad axe of venom.
 15464 | Lair:5   | 15464 ||| INVOKING Heroism.
 15477 | Lair:5   | Reached skill level 11 in Fighting
 15523 | Lair:5   | 15523 ||| Stepping ~*~*~tactically~*~*~ (stealth).
 15527 | Lair:5   | 15527 ||| INVOKING Heroism.
 15574 | Lair:5   | 15574 ||| Stepping ~*~*~tactically~*~*~ (stealth).
 15577 | Lair:5   | 15577 ||| Stepping ~*~*~tactically~*~*~ (stealth).
 15665 | Lair:5   | Identified a scroll of acquirement
 15674 | Lair:5   | 15674 ||| READING scroll of acquirement.
 15674 | Lair:5   | 15674 ||| ACQUIRING ring of Agnosticism {rCorr Slay+4}
 15674 | Lair:5   | Acquired the ring of Agnosticism {rCorr Slay+4}
 15676 | Lair:5   | 15676 ||| UPGRADING to ring of Agnosticism {rCorr Slay+4}.
 15693 | Lair:5   | Found a staircase to the Slime Pits.
 15723 | Lair:5   | 15723 ||| Stepping ~*~*~tactically~*~*~ (stealth).
 15837 | Lair:5   | 15837 ||| INVOKING Heroism.
 15853 | Lair:5   | Gained mutation: Your large and strong wings let you fly.
                  | [Gargoyle growth]
 15853 | Lair:5   | Reached XP level 14. HP: 90/90 MP: 21/21
 15960 | Lair:5   | 15960 ||| Stepping ~*~*~tactically~*~*~ (hiding).
 16002 | Lair:5   | Received a gift from Okawaru
 16016 | Lair:5   | Gained mutation: You are frail. (-10% HP) [a shining eye]
 16020 | Lair:5   | Gained mutation: You are clumsy. (Dex -2) [a shining eye]
 16028 | Lair:5   | Gained mutation: You sometimes lose your temper in combat.
                  | [a shining eye]
 16069 | Lair:5   | 16069 ||| INVOKING Heroism.
 16083 | Lair:5   | Reached skill level 15 in Axes
 16188 | Lair:5   | 16188 ||| DRINKING 4 potions of mutation.
 16188 | Lair:5   | Lost mutation: You are clumsy. (Dex -2) [potion of
                  | mutation]
 16188 | Lair:5   | Lost mutation: You are frail. (-10% HP) [potion of
                  | mutation]
 16188 | Lair:5   | Lost mutation: You sometimes lose your temper in combat.
                  | [potion of mutation]
 16188 | Lair:5   | Gained mutation: Your spells are a little harder to cast,
                  | but a little more powerful. [potion of mutation]
 16188 | Lair:5   | Gained mutation: You possess an exceptional clarity of
                  | mind. [potion of mutation]
 16188 | Lair:5   | Gained mutation: You are vulnerable to cold. (rC-) [potion
                  | of mutation]
 16188 | Lair:5   | Gained mutation: You have sharp fingernails. [potion of
                  | mutation]
 16196 | Lair:5   | 16196 ||| DRINKING 3 potions of mutation.
 16196 | Lair:5   | Lost mutation: You have sharp fingernails. [potion of
                  | mutation]
 16196 | Lair:5   | Lost mutation: You are vulnerable to cold. (rC-) [potion of
                  | mutation]
 16196 | Lair:5   | Lost mutation: You possess an exceptional clarity of mind.
                  | [potion of mutation]
 16196 | Lair:5   | Gained mutation: You are agile. (Dex +4, Str/Int -1)
                  | [potion of mutation]
 16223 | Lair:5   | Reached skill level 3 in Dodging
 16224 | Lair:5   | 16224 ||| Stepping ~*~*~tactically~*~*~ (stealth).
 16257 | Lair:5   | 16257 ||| READING scroll of enchant armour.
 16257 | Lair:5   | 16257 ||| ENCHANTING +1 helmet.
 16269 | Lair:5   | 16269 ||| Stepping ~*~*~tactically~*~*~ (stealth).
 16271 | Lair:5   | 16271 ||| Stepping ~*~*~tactically~*~*~ (stealth).
 16287 | Lair:5   | Received a gift from Okawaru
 16319 | Lair:5   | 16319 ||| Stepping ~*~*~tactically~*~*~ (stealth).
 16325 | Lair:5   | 16325 ||| INVOKING Heroism.
 16332 | Lair:5   | 16332 ||| Stepping ~*~*~tactically~*~*~ (stealth).
 16333 | Lair:5   | 16333 ||| Stepping ~*~*~tactically~*~*~ (stealth).
 16381 | Lair:5   | 16381 ||| Stepping ~*~*~tactically~*~*~ (stealth).
 16382 | Lair:5   | 16382 ||| Stepping ~*~*~tactically~*~*~ (stealth).
 16402 | Lair:5   | 16402 ||| Stepping ~*~*~tactically~*~*~ (stealth).
 16418 | Lair:5   | 16418 ||| Stepping ~*~*~tactically~*~*~ (hiding).
 16420 | Lair:5   | 16420 ||| Stepping ~*~*~tactically~*~*~ (hiding).
 16428 | Lair:5   | 16428 ||| INVOKING Heroism.
 16456 | Lair:5   | 16456 ||| Stepping ~*~*~tactically~*~*~ (stealth).
 16458 | Lair:5   | 16458 ||| Stepping ~*~*~tactically~*~*~ (stealth).
 16474 | Lair:5   | 16474 ||| INVOKING Heroism.
 16513 | Lair:5   | 16513 ||| Stepping ~*~*~tactically~*~*~ (stealth).
 16514 | Lair:5   | 16514 ||| Stepping ~*~*~tactically~*~*~ (stealth).
 16515 | Lair:5   | 16515 ||| Stepping ~*~*~tactically~*~*~ (stealth).
 16518 | Lair:5   | 16518 ||| Stepping ~*~*~tactically~*~*~ (hiding).
 16524 | Lair:5   | Received a gift from Okawaru
 16532 | Lair:5   | 16532 ||| INVOKING Heroism.
 16547 | Lair:5   | 16547 ||| Stepping ~*~*~tactically~*~*~ (stealth).
 16697 | Lair:5   | 16697 ||| INVOKING Heroism.
 16745 | Lair:5   | Found a corrupted altar of Lugonu.
 16745 | Lair:5   | Found a one-way gate to the infinite horrors of the Abyss.
 16865 | Lair:5   | Received a gift from Okawaru
 16904 | Lair:5   | Identified the orb "Ajous" {guile, rPois rN+++ rCorr Str-3}
 17114 | Lair:5   | 17114 ||| PLANNING D
 17114 | Lair:5   | 17114 ||| DROPPING ring of resist corrosion.
 17115 | Lair:5   | 17115 ||| DROPPING ring of ice.
 17116 | Lair:5   | 17116 ||| DROPPING ring of willpower.
 17117 | Lair:5   | 17117 ||| READING 10 scrolls of identify.
 17117 | Lair:5   | 17117 ||| IDENTIFYING bubbling red potion
 17118 | Lair:5   | 17118 ||| DROPPING potion of degeneration.
 17279 | D:12     | 17279 ||| Stepping ~*~*~tactically~*~*~ (stealth).
 17281 | D:12     | 17281 ||| Stepping ~*~*~tactically~*~*~ (hiding).
 17317 | D:12     | 17317 ||| Stepping ~*~*~tactically~*~*~ (stealth).
 17387 | D:12     | 17387 ||| INVOKING Heroism.
 17388 | D:12     | 17388 ||| INVOKING Finesse.
 17404 | D:12     | Reached skill level 12 in Fighting
 17493 | D:12     | 17493 ||| Stepping ~*~*~tactically~*~*~ (stealth).
 17496 | D:12     | 17496 ||| Stepping ~*~*~tactically~*~*~ (stealth).
 17500 | D:12     | 17500 ||| Stepping ~*~*~tactically~*~*~ (hiding).
 17559 | D:12     | 17559 ||| Stepping ~*~*~tactically~*~*~ (stealth).
 17602 | D:12     | 17602 ||| Stepping ~*~*~tactically~*~*~ (stealth).
 17848 | D:12     | Identified the +5 spear of the Lusting Gods {flame, Fragile
                  | Dex+6}
 17975 | D:12     | 17975 ||| Stepping ~*~*~tactically~*~*~ (hiding).
 18116 | D:12     | 18116 ||| UPGRADING to +5 ring of evasion.
 18118 | D:12     | 18118 ||| DROPPING +4 ring of protection.
 18119 | D:12     | 18119 ||| DROPPING ring of see invisible.
 18176 | D:13     | 18176 ||| INVOKING Heroism.
 18205 | D:13     | 18205 ||| INVOKING Heroism.
 18287 | D:13     | Found a gate to the Vaults.
 18305 | D:13     | 18305 ||| Stepping ~*~*~tactically~*~*~ (hiding).
 18575 | D:13     | 18575 ||| Stepping ~*~*~tactically~*~*~ (stealth).
 18591 | D:13     | 18591 ||| Stepping ~*~*~tactically~*~*~ (hiding).
 18815 | D:13     | Identified the +4 cloak of Agogh {rF+ Will+ Str-2}
 19033 | D:13     | 19033 ||| DROPPING scarf "Herrer" {harm, rElec rF+ Will-
                  | Str+4}.
 19034 | D:13     | 19034 ||| DROPPING +0 cloak.
 19035 | D:13     | 19035 ||| UPGRADING to +4 cloak of Agogh {rF+ Will+ Str-2}.
 19045 | D:13     | 19045 ||| DROPPING scarf of repulsion.
 19065 | D:14     | 19065 ||| Stepping ~*~*~tactically~*~*~ (stealth).
 19067 | D:14     | 19067 ||| Stepping ~*~*~tactically~*~*~ (stealth).
 19068 | D:14     | 19068 ||| Stepping ~*~*~tactically~*~*~ (stealth).
 19078 | D:14     | 19078 ||| Stepping ~*~*~tactically~*~*~ (stealth).
 19088 | D:14     | Received a gift from Okawaru
 19232 | D:14     | Found a shadowy altar of Dithmenos.
 19239 | D:14     | 19239 ||| INVOKING Heroism.
 19240 | D:14     | 19240 ||| INVOKING Finesse.
 19249 | D:14     | Reached skill level 6 in Throwing
 19252 | D:14     | 19252 ||| SWAPPING to +0 morningstar.
 19261 | D:14     | 19261 ||| SWAPPING to +1 broad axe of venom.
 19265 | D:14     | Reached skill level 12 in Armour
 19265 | D:14     | Reached XP level 15. HP: 88/96 MP: 15/22
 19470 | D:15     | Entered Level 15 of the Dungeon
 19534 | D:15     | 19534 ||| INVOKING Heroism.
 19551 | D:15     | Received a gift from Okawaru
 19572 | D:15     | 19572 ||| INVOKING Finesse.
 19601 | D:15     | 19601 ||| INVOKING Heroism.
 19642 | D:15     | 19642 ||| READING 2 scrolls of brand weapon.
 19642 | D:15     | 19642 ||| BRANDING +1 broad axe of venom.
 19643 | D:15     | 19643 ||| READING scroll of brand weapon.
 19643 | D:15     | 19643 ||| BRANDING +1 broad axe of protection.
 19650 | D:15     | 19650 ||| SWAPPING to +4 heavy broad axe.
 19651 | D:15     | 19651 ||| DROPPING +1 broad axe of freezing.
 19791 | D:15     | 19791 ||| Stepping ~*~*~tactically~*~*~ (hiding).
 19792 | D:15     | 19792 ||| Stepping ~*~*~tactically~*~*~ (hiding).
 19799 | D:15     | Noticed a frost giant
 19800 | D:15     | 19800 ||| INVOKING Heroism.
 19801 | D:15     | 19801 ||| INVOKING Finesse.
 19805 | D:15     | Killed a frost giant
 19848 | D:15     | Found a staircase to the Depths.
 19926 | D:15     | 19926 ||| Stepping ~*~*~tactically~*~*~ (hiding).
 19999 | D:15     | Received a gift from Okawaru
 20166 | D:15     | 20166 ||| PLANNING ORC
 20289 | Orc:1    | Entered Level 1 of the Orcish Mines
 20381 | Orc:2    | Entered Level 2 of the Orcish Mines
 20383 | Orc:2    | 20383 ||| Stepping ~*~*~tactically~*~*~ (hiding).
 20411 | Orc:1    | 20411 ||| INVOKING Heroism.
 20444 | Orc:1    | Found a transporter.
 20454 | Orc:1    | Found a transporter.
 20454 | Orc:1    | Noticed an orc warlord
 20458 | Orc:1    | Found a bloodstained altar of Trog.
 20458 | Orc:1    | Noticed Maimakterion's ghost (journeyman GrFi)
 20606 | Orc:2    | Found Reonuly's Jewellery Emporium.
 20628 | Orc:2    | 20628 ||| INVOKING Heroism.
 20665 | Orc:1    | Noticed Jorgrun
 20676 | Orc:1    | Killed Jorgrun
 20880 | Orc:2    | 20880 ||| BUYING amulet of reflection (480 gold).
 20880 | Orc:2    | Bought an amulet of reflection for 480 gold pieces
 20954 | Orc:2    | 20954 ||| Stepping ~*~*~tactically~*~*~ (stealth).
 20956 | Orc:2    | 20956 ||| Stepping ~*~*~tactically~*~*~ (hiding).
 20977 | Orc:2    | 20977 ||| INVOKING Heroism.
 21046 | Orc:2    | 21046 ||| INVOKING Heroism.
 21056 | Orc:2    | Received a gift from Okawaru
 21091 | Orc:2    | 21091 ||| Stepping ~*~*~tactically~*~*~ (stealth).
 21106 | Orc:2    | Found a staircase to the Elven Halls.
 21115 | Orc:2    | 21115 ||| INVOKING Heroism.
 21126 | Orc:2    | 21126 ||| Stepping ~*~*~tactically~*~*~ (stealth).
 21165 | Orc:2    | 21165 ||| Stepping ~*~*~tactically~*~*~ (stealth).
 21166 | Orc:2    | 21166 ||| Stepping ~*~*~tactically~*~*~ (stealth).
 21167 | Orc:2    | 21167 ||| INVOKING Heroism.
 21202 | Orc:2    | Received a gift from Okawaru
 21220 | Orc:2    | 21220 ||| Stepping ~*~*~tactically~*~*~ (hiding).
 21222 | Orc:2    | 21222 ||| Stepping ~*~*~tactically~*~*~ (hiding).
 21224 | Orc:2    | 21224 ||| Stepping ~*~*~tactically~*~*~ (hiding).
 21228 | Orc:2    | 21228 ||| INVOKING Heroism.
 21254 | Orc:2    | Found Viwnot's Distillery.
 21254 | Orc:2    | Found Ipsirch's Jewellery Shoppe.
 21257 | Orc:2    | Found Luidonia's Magic Scroll Boutique.
 21257 | Orc:2    | Found Xouqaroa's Assorted Antiques.
 21267 | Orc:2    | 21267 ||| BUYING +5 ring of evasion (540 gold).
 21267 | Orc:2    | Bought a +5 ring of evasion for 540 gold pieces
 21269 | Orc:2    | 21269 ||| BUYING blackened glass wand (88 gold).
 21269 | Orc:2    | Bought a blackened glass wand for 88 gold pieces
 21269 | Orc:2    | 21269 ||| BUYING scroll of teleportation (66 gold).
 21269 | Orc:2    | Bought a scroll of teleportation for 66 gold pieces
 21270 | Orc:2    | 21270 ||| BUYING scroll of enchant armour (82 gold).
 21270 | Orc:2    | Bought a scroll of enchant armour for 82 gold pieces
 21270 | Orc:2    | 21270 ||| BUYING scroll of enchant weapon (82 gold).
 21270 | Orc:2    | Bought a scroll of enchant weapon for 82 gold pieces
 21270 | Orc:2    | 21270 ||| BUYING scroll of enchant weapon (82 gold).
 21270 | Orc:2    | Bought a scroll of enchant weapon for 82 gold pieces
 21270 | Orc:2    | 21270 ||| BUYING scroll of enchant weapon (82 gold).
 21270 | Orc:2    | Bought a scroll of enchant weapon for 82 gold pieces
 21270 | Orc:2    | 21270 ||| BUYING scroll of teleportation (33 gold).
 21270 | Orc:2    | Bought a scroll of teleportation for 33 gold pieces
 21270 | Orc:2    | 21270 ||| READING scroll of enchant armour.
 21270 | Orc:2    | 21270 ||| ENCHANTING +0 pair of boots.
 21271 | Orc:2    | 21271 ||| READING 3 scrolls of enchant weapon.
 21271 | Orc:2    | 21271 ||| ENCHANTING +4 heavy broad axe.
 21272 | Orc:2    | 21272 ||| READING 2 scrolls of enchant weapon.
 21272 | Orc:2    | 21272 ||| ENCHANTING +5 heavy broad axe.
 21273 | Orc:2    | 21273 ||| READING scroll of enchant weapon.
 21273 | Orc:2    | 21273 ||| ENCHANTING +6 heavy broad axe.
 21276 | Orc:2    | 21276 ||| BUYING potion of attraction (36 gold).
 21276 | Orc:2    | Bought a potion of attraction for 36 gold pieces
 21276 | Orc:2    | 21276 ||| SHOPLISTING potion of cancellation (96 gold, have
                  | 4).
 21276 | Orc:2    | 21276 ||| SHOPLISTING potion of curing (36 gold, have 4).
 21276 | Orc:2    | 21276 ||| SHOPLISTING potion of haste (120 gold, have 4).
 21276 | Orc:2    | 21276 ||| SHOPLISTING potion of magic (96 gold, have 4).
 21409 | Orc:2    | 21409 ||| PLANNING SNAKE:1-3
 21409 | Orc:2    | 21409 ||| UPGRADING to amulet of reflection.
 21419 | Orc:2    | 21419 ||| DROPPING amulet of regeneration.
 21579 | Snake:1  | Entered Level 1 of the Snake Pit
 21607 | Snake:1  | Identified the +0 plate armour of Muerroxt {Harm Str+3}
 21625 | Snake:1  | 21625 ||| Stepping ~*~*~tactically~*~*~ (hiding).
 21626 | Snake:1  | 21626 ||| Stepping ~*~*~tactically~*~*~ (hiding).
 21772 | Snake:1  | Received a gift from Okawaru
 21790 | Snake:1  | 21790 ||| Stepping ~*~*~tactically~*~*~ (hiding).
 21791 | Snake:1  | 21791 ||| Stepping ~*~*~tactically~*~*~ (hiding).
 21804 | Snake:1  | 21804 ||| Stepping ~*~*~tactically~*~*~ (stealth).
 22029 | Snake:1  | Found Dolivuip's Jewellery Shoppe.
 22071 | Snake:1  | 22071 ||| FLEEEEING.
 22072 | Snake:1  | 22072 ||| FLEEEEING.
 22073 | Snake:1  | 22073 ||| FLEEEEING.
 22134 | Snake:1  | Reached skill level 13 in Fighting
 22250 | Snake:1  | 22250 ||| Stepping ~*~*~tactically~*~*~ (stealth).
 22259 | Snake:1  | Reached XP level 16. HP: 92/104 MP: 23/23
 22295 | Snake:1  | 22295 ||| READING scroll of enchant weapon.
 22295 | Snake:1  | 22295 ||| ENCHANTING +7 heavy broad axe.
 22300 | Snake:1  | 22300 ||| Stepping ~*~*~tactically~*~*~ (hiding).
 22302 | Snake:1  | 22302 ||| Stepping ~*~*~tactically~*~*~ (hiding).
 22496 | Snake:1  | 22496 ||| DROPPING +0 plate armour of Muerroxt {Harm
                  | Str+3}.
 22636 | Snake:2  | Identified the +0 chain mail "Desaf" {rF++ Int+3} (Okawaru
                  | gifted it to you on level 2 of the Snake Pit)
 22636 | Snake:2  | Received a gift from Okawaru
 22863 | Snake:2  | 22863 ||| Stepping ~*~*~tactically~*~*~ (hiding).
 22864 | Snake:2  | 22864 ||| Stepping ~*~*~tactically~*~*~ (hiding).
 22865 | Snake:2  | 22865 ||| Stepping ~*~*~tactically~*~*~ (hiding).
 22867 | Snake:2  | 22867 ||| Stepping ~*~*~tactically~*~*~ (hiding).
 23098 | Snake:2  | 23098 ||| INVOKING Heroism.
 23526 | Snake:2  | 23526 ||| DROPPING orb "Ajous" {guile, rPois rN+++ rCorr
                  | Str-3}.
 23527 | Snake:2  | 23527 ||| UPGRADING to +2 kite shield.
 23537 | Snake:2  | 23537 ||| DROPPING +0 buckler.
 23538 | Snake:2  | 23538 ||| UPGRADING to +2 tower shield of cold resistance.
 23548 | Snake:2  | 23548 ||| DROPPING +2 kite shield.
 23582 | Snake:3  | 23582 ||| Stepping ~*~*~tactically~*~*~ (stealth).
 23610 | Snake:3  | Identified the +2 pair of gloves of the Hall of Blades
                  | {Will++}
 23610 | Snake:3  | Noticed Nikola
 23611 | Snake:3  | 23611 ||| INVOKING Heroism.
 23612 | Snake:3  | 23612 ||| INVOKING Finesse.
 23615 | Snake:3  | Reached skill level 9 in Shields
 23620 | Snake:3  | Killed Nikola
 23622 | Snake:3  | 23622 ||| PLANNING SNAKE:1-3
 23637 | Snake:3  | 23637 ||| FLEEEEING.
 23638 | Snake:3  | 23638 ||| FLEEEEING.
 23639 | Snake:3  | 23639 ||| FLEEEEING.
 23679 | Snake:3  | 23679 ||| FLEEEEING.
 23799 | Snake:3  | 23799 ||| INVOKING Heroism.
 23836 | Snake:3  | Noticed Aizul
 23837 | Snake:3  | 23837 ||| Stepping ~*~*~tactically~*~*~ (stealth).
 23854 | Snake:3  | 23854 ||| INVOKING Heroism.
 23855 | Snake:3  | 23855 ||| INVOKING Finesse.
 23862 | Snake:3  | Killed Aizul
 23942 | Snake:3  | 23942 ||| READING scroll of enchant weapon.
 23942 | Snake:3  | 23942 ||| ENCHANTING +8 heavy broad axe.
 23986 | Snake:3  | 23986 ||| Stepping ~*~*~tactically~*~*~ (stealth).
 23988 | Snake:3  | 23988 ||| INVOKING Heroism.
 23994 | Snake:3  | Noticed a nagaraja
 24008 | Snake:3  | Noticed Azrael
 24009 | Snake:3  | 24009 ||| INVOKING Finesse.
 24013 | Snake:3  | Killed a nagaraja
 24020 | Snake:3  | Killed Azrael
 24020 | Snake:3  | Received a gift from Okawaru
 24160 | Snake:3  | 24160 ||| Stepping ~*~*~tactically~*~*~ (hiding).
 24171 | Snake:3  | 24171 ||| INVOKING Heroism.
 24245 | Snake:3  | 24245 ||| Stepping ~*~*~tactically~*~*~ (stealth).
 24247 | Snake:3  | 24247 ||| Stepping ~*~*~tactically~*~*~ (stealth).
 24248 | Snake:3  | 24248 ||| Stepping ~*~*~tactically~*~*~ (stealth).
 24249 | Snake:3  | 24249 ||| Stepping ~*~*~tactically~*~*~ (hiding).
 24252 | Snake:3  | 24252 ||| Stepping ~*~*~tactically~*~*~ (hiding).
 24258 | Snake:3  | 24258 ||| INVOKING Heroism.
 24354 | Snake:3  | 24354 ||| PLANNING SHOALS:1-3
 24354 | Snake:3  | 24354 ||| UPGRADING to +2 pair of gloves of the Hall of
                  | Blades {Will++}.
 24364 | Snake:3  | 24364 ||| DROPPING +2 pair of gloves.
 24365 | Snake:3  | 24365 ||| UPGRADING to +2 pair of boots.
 24375 | Snake:3  | 24375 ||| DROPPING +1 pair of boots.
 24552 | Shoals:1 | Entered Level 1 of the Shoals
 24567 | Shoals:1 | 24567 ||| INVOKING Heroism.
 24645 | Shoals:1 | 24645 ||| Stepping ~*~*~tactically~*~*~ (hiding).
 24646 | Shoals:1 | 24646 ||| Stepping ~*~*~tactically~*~*~ (hiding).
 24652 | Shoals:1 | Received a gift from Okawaru
 24787 | Shoals:1 | Found a runed translucent door.
 24788 | Shoals:1 | 24788 ||| Stepping ~*~*~tactically~*~*~ (cloud).
 24795 | Shoals:1 | Reached skill level 12 in Shields
 24795 | Shoals:1 | Noticed Mlioglotl
 24796 | Shoals:1 | 24796 ||| INVOKING Heroism.
 24807 | Shoals:1 | Killed Mlioglotl
 24847 | Shoals:1 | Found a corrupted altar of Lugonu.
 25109 | Shoals:1 | 25109 ||| Stepping ~*~*~tactically~*~*~ (stealth).
 25510 | Shoals:2 | Reached XP level 17. HP: 95/108 MP: 24/24
 25559 | Shoals:2 | 25559 ||| READING scroll of enchant armour.
 25559 | Shoals:2 | 25559 ||| ENCHANTING +3 plate armour.
 25631 | Shoals:2 | 25631 ||| INVOKING Heroism.
 25722 | Shoals:2 | 25722 ||| INVOKING Heroism.
 25935 | Shoals:2 | 25935 ||| Stepping ~*~*~tactically~*~*~ (stealth).
 25939 | Shoals:2 | 25939 ||| Stepping ~*~*~tactically~*~*~ (stealth).
 25942 | Shoals:2 | 25942 ||| Stepping ~*~*~tactically~*~*~ (stealth).
 25948 | Shoals:2 | 25948 ||| Stepping ~*~*~tactically~*~*~ (stealth).
 25953 | Shoals:2 | Received a gift from Okawaru
 26016 | Shoals:2 | 26016 ||| Stepping ~*~*~tactically~*~*~ (hiding).
 26017 | Shoals:2 | 26017 ||| Stepping ~*~*~tactically~*~*~ (hiding).
 26021 | Shoals:2 | 26021 ||| Stepping ~*~*~tactically~*~*~ (hiding).
 26206 | Shoals:2 | 26206 ||| INVOKING Heroism.
 26543 | Shoals:3 | 26543 ||| INVOKING Heroism.
 26544 | Shoals:3 | 26544 ||| INVOKING Finesse.
 26545 | Shoals:3 | Identified the +6 chain mail of Nimut {Harm} (Okawaru
                  | gifted it to you on level 3 of the Shoals)
 26545 | Shoals:3 | Received a gift from Okawaru
 26588 | Shoals:3 | Reached skill level 15 in Shields
 26603 | Shoals:3 | Identified the +0 cloak of the Sparrow {Str+6 Dex+2}
 26612 | Shoals:3 | 26612 ||| READING scroll of enchant armour.
 26612 | Shoals:3 | 26612 ||| ENCHANTING +4 plate armour.
 26620 | Shoals:3 | 26620 ||| INVOKING Heroism.
 26621 | Shoals:3 | 26621 ||| INVOKING Finesse.
 26678 | Shoals:3 | Found a runed translucent door.
 26679 | Shoals:3 | Found a shimmering altar of Xom.
 26679 | Shoals:3 | Noticed qw's ghost (adept GrFi)
 26698 | Shoals:3 | 26698 ||| INVOKING Heroism.
 26726 | Shoals:3 | Found Neitzuf's Gadget Gallery.
 26967 | Shoals:3 | 26967 ||| INVOKING Heroism.
 26998 | Shoals:3 | 26998 ||| INVOKING Heroism.
 27018 | Shoals:3 | 27018 ||| Stepping ~*~*~tactically~*~*~ (hiding).
 27019 | Shoals:3 | 27019 ||| Stepping ~*~*~tactically~*~*~ (hiding).
 27020 | Shoals:3 | 27020 ||| Stepping ~*~*~tactically~*~*~ (hiding).
 27043 | Shoals:3 | 27043 ||| READING 2 scrolls of brand weapon.
 27043 | Shoals:3 | 27043 ||| BRANDING +9 heavy broad axe.
 27364 | Shoals:3 | 27364 ||| PLANNING SNAKE:4
 27364 | Shoals:3 | 27364 ||| DROPPING ring of magical power.
 27592 | Snake:4  | Entered Level 4 of the Snake Pit
 27625 | Snake:4  | 27625 ||| DROPPING +0 morningstar.
 27627 | Snake:4  | 27627 ||| Stepping ~*~*~tactically~*~*~ (stealth).
 27630 | Snake:4  | 27630 ||| Stepping ~*~*~tactically~*~*~ (hiding).
 27632 | Snake:4  | 27632 ||| Stepping ~*~*~tactically~*~*~ (hiding).
 27633 | Snake:4  | 27633 ||| Stepping ~*~*~tactically~*~*~ (hiding).
 27657 | Snake:4  | 27657 ||| Stepping ~*~*~tactically~*~*~ (hiding).
 27686 | Snake:4  | 27686 ||| Stepping ~*~*~tactically~*~*~ (hiding).
 27689 | Snake:4  | 27689 ||| Stepping ~*~*~tactically~*~*~ (hiding).
 27694 | Snake:4  | 27694 ||| INVOKING Heroism.
 27762 | Snake:4  | 27762 ||| Stepping ~*~*~tactically~*~*~ (stealth).
 27763 | Snake:4  | 27763 ||| INVOKING Heroism.
 27950 | Snake:4  | 27950 ||| Stepping ~*~*~tactically~*~*~ (stealth).
 28095 | Snake:4  | 28095 ||| INVOKING Heroism.
 28098 | Snake:4  | 28098 ||| Stepping ~*~*~tactically~*~*~ (hiding).
 28155 | Snake:4  | 28155 ||| Stepping ~*~*~tactically~*~*~ (stealth).
 28196 | Snake:4  | 28196 ||| Stepping ~*~*~tactically~*~*~ (stealth).
 28224 | Snake:4  | 28224 ||| Stepping ~*~*~tactically~*~*~ (hiding).
 28430 | Snake:4  | 28430 ||| Stepping ~*~*~tactically~*~*~ (hiding).
 28763 | Snake:4  | Received a gift from Okawaru
 28772 | Snake:4  | Reached XP level 18. HP: 105/114 MP: 25/25
 28775 | Snake:4  | Reached skill level 18 in Axes
 28794 | Snake:4  | 28794 ||| DROPPING +2 war axe of flaming.
 28955 | Snake:4  | 28955 ||| Stepping ~*~*~tactically~*~*~ (hiding).
 29069 | Snake:4  | Noticed Vashnia
 29073 | Snake:4  | 29073 ||| INVOKING Heroism.
 29075 | Snake:4  | 29075 ||| Stepping ~*~*~tactically~*~*~ (hiding).
 29076 | Snake:4  | 29076 ||| Stepping ~*~*~tactically~*~*~ (hiding).
 29078 | Snake:4  | 29078 ||| Stepping ~*~*~tactically~*~*~ (hiding).
 29085 | Snake:4  | Killed Vashnia
 29206 | Snake:4  | 29206 ||| READING scroll of enchant armour.
 29206 | Snake:4  | 29206 ||| ENCHANTING +5 plate armour.
 29234 | Snake:4  | 29234 ||| Stepping ~*~*~tactically~*~*~ (hiding).
 29235 | Snake:4  | 29235 ||| Stepping ~*~*~tactically~*~*~ (hiding).
 29238 | Snake:4  | 29238 ||| INVOKING Heroism.
 29241 | Snake:4  | Received a gift from Okawaru
 29287 | Snake:4  | Got a serpentine rune of Zot
 29288 | Snake:4  | 29288 ||| PLANNING VAULTS:1-4
 29288 | Snake:4  | 29288 ||| DROPPING +0 chain mail "Desaf" {rF++ Int+3}.
 29588 | Vaults:1 | Entered Level 1 of the Vaults
 29598 | Vaults:1 | 29598 ||| STAIRDANCE
 29643 | Vaults:1 | 29643 ||| Stepping ~*~*~tactically~*~*~ (hiding).
 29649 | Vaults:1 | Reached skill level 14 in Fighting
 29755 | Vaults:1 | 29755 ||| INVOKING Heroism.
 29867 | Vaults:1 | 29867 ||| INVOKING Heroism.
 30021 | Vaults:1 | 30021 ||| Stepping ~*~*~tactically~*~*~ (stealth).
 30131 | Vaults:1 | 30131 ||| Stepping ~*~*~tactically~*~*~ (stealth).
 30140 | Vaults:1 | Reached skill level 18 in Shields
 30312 | Vaults:1 | 30312 ||| FLEEEEING.
 30321 | Vaults:1 | 30321 ||| INVOKING Heroism.
 30322 | Vaults:1 | 30322 ||| INVOKING Finesse.
 30323 | Vaults:1 | Received a gift from Okawaru
 30338 | Vaults:1 | Received a gift from Okawaru
 30368 | Vaults:1 | 30368 ||| READING scroll of enchant armour.
 30368 | Vaults:1 | 30368 ||| ENCHANTING +6 plate armour.
 30397 | Vaults:1 | 30397 ||| Stepping ~*~*~tactically~*~*~ (stealth).
 30424 | Vaults:1 | Reached skill level 15 in Fighting
 30512 | Vaults:1 | 30512 ||| Stepping ~*~*~tactically~*~*~ (stealth).
 30527 | Vaults:1 | Received a gift from Okawaru
 30566 | Vaults:1 | 30566 ||| Stepping ~*~*~tactically~*~*~ (hiding).
 30567 | Vaults:1 | 30567 ||| Stepping ~*~*~tactically~*~*~ (hiding).
 30568 | Vaults:1 | 30568 ||| Stepping ~*~*~tactically~*~*~ (hiding).
 30569 | Vaults:1 | 30569 ||| Stepping ~*~*~tactically~*~*~ (hiding).
 30570 | Vaults:1 | 30570 ||| Stepping ~*~*~tactically~*~*~ (hiding).
 30741 | Vaults:1 | 30741 ||| Stepping ~*~*~tactically~*~*~ (hiding).
 30742 | Vaults:1 | 30742 ||| Stepping ~*~*~tactically~*~*~ (hiding).
 30743 | Vaults:1 | 30743 ||| Stepping ~*~*~tactically~*~*~ (hiding).
 30744 | Vaults:1 | 30744 ||| Stepping ~*~*~tactically~*~*~ (hiding).
 30745 | Vaults:1 | 30745 ||| INVOKING Heroism.
 31000 | Vaults:1 | Identified the +1 leather armour of Ratias {rPois Str+2
                  | Dex-3}
 31237 | Vaults:1 | 31237 ||| DROPPING ring of wizardry.
 31301 | Vaults:2 | 31301 ||| PLANNING WIZLAB
 31316 | Vaults:2 | 31316 ||| FLEEEEING.
 31317 | Vaults:2 | 31317 ||| FLEEEEING.
 31322 | Vaults:2 | Received a gift from Okawaru
 31323 | Vaults:2 | 31323 ||| STAIRDANCE
 31519 | Vaults:2 | Noticed a lich
 31520 | Vaults:2 | 31520 ||| INVOKING Heroism.
 31521 | Vaults:2 | 31521 ||| Stepping ~*~*~tactically~*~*~ (stealth).
 31522 | Vaults:2 | 31522 ||| INVOKING Finesse.
 31525 | Vaults:2 | Killed a lich
 31526 | Vaults:2 | Reached XP level 19. HP: 124/124 MP: 18/26
 31567 | Vaults:2 | Found a staircase to the Crypt.
 31622 | Vaults:2 | Reached skill level 15 in Armour
 31624 | Vaults:2 | 31624 ||| INVOKING Heroism.
 31752 | Vaults:2 | 31752 ||| INVOKING Heroism.
 31753 | Vaults:2 | 31753 ||| INVOKING Finesse.
 31837 | Vaults:2 | 31837 ||| READING scroll of enchant armour.
 31837 | Vaults:2 | 31837 ||| ENCHANTING +7 plate armour.
 31867 | Vaults:2 | 31867 ||| INVOKING Heroism.
 32001 | Vaults:2 | 32001 ||| Stepping ~*~*~tactically~*~*~ (hiding).
 32109 | Vaults:2 | 32109 ||| RIP WIZLAB
 32110 | Vaults:2 | 32110 ||| PLANNING VAULTS:1-4
 32160 | Vaults:2 | 32160 ||| INVOKING Heroism.
 32163 | Vaults:2 | 32163 ||| Stepping ~*~*~tactically~*~*~ (hiding).
 32216 | Vaults:2 | 32216 ||| Stepping ~*~*~tactically~*~*~ (hiding).
 32218 | Vaults:2 | 32218 ||| Stepping ~*~*~tactically~*~*~ (hiding).
 32220 | Vaults:2 | 32220 ||| Stepping ~*~*~tactically~*~*~ (hiding).
 32221 | Vaults:2 | 32221 ||| Stepping ~*~*~tactically~*~*~ (hiding).
 32352 | Vaults:2 | Noticed Saint Roka
 32352 | Vaults:2 | 32352 ||| INVOKING Heroism.
 32360 | Vaults:2 | Killed Saint Roka
 32627 | Vaults:2 | 32627 ||| Stepping ~*~*~tactically~*~*~ (hiding).
 32705 | Vaults:2 | 32705 ||| Stepping ~*~*~tactically~*~*~ (hiding).
 32706 | Vaults:2 | 32706 ||| Stepping ~*~*~tactically~*~*~ (hiding).
 32718 | Vaults:2 | Received a gift from Okawaru
 32755 | Vaults:2 | 32755 ||| Stepping ~*~*~tactically~*~*~ (stealth).
 32757 | Vaults:2 | 32757 ||| Stepping ~*~*~tactically~*~*~ (hiding).
 32759 | Vaults:2 | 32759 ||| Stepping ~*~*~tactically~*~*~ (hiding).
 32760 | Vaults:2 | 32760 ||| Stepping ~*~*~tactically~*~*~ (hiding).
 32887 | Vaults:2 | Identified the +0 robe of Minor Irritation {*Slow Fly rCorr
                  | Dex+2}
 32892 | Vaults:2 | 32892 ||| Stepping ~*~*~tactically~*~*~ (hiding).
 32897 | Vaults:2 | Reached skill level 9 in Throwing
 32898 | Vaults:2 | Reached skill level 16 in Fighting
 32992 | Vaults:2 | 32992 ||| Stepping ~*~*~tactically~*~*~ (hiding).
 32993 | Vaults:2 | 32993 ||| Stepping ~*~*~tactically~*~*~ (hiding).
 33004 | Vaults:2 | 33004 ||| FLEEEEING.
 33005 | Vaults:2 | 33005 ||| FLEEEEING.
 33011 | Vaults:2 | 33011 ||| FLEEEEING.
 33048 | Vaults:2 | 33048 ||| Stepping ~*~*~tactically~*~*~ (stealth).
 33139 | Vaults:2 | 33139 ||| Stepping ~*~*~tactically~*~*~ (hiding).
 33140 | Vaults:2 | 33140 ||| INVOKING Heroism.
 33456 | Vaults:2 | 33456 ||| Stepping ~*~*~tactically~*~*~ (hiding).
 33457 | Vaults:2 | 33457 ||| Stepping ~*~*~tactically~*~*~ (hiding).
 33458 | Vaults:2 | 33458 ||| INVOKING Heroism.
 33485 | Vaults:2 | 33485 ||| DROPPING +0 pair of gloves of dexterity.
 33486 | Vaults:2 | 33486 ||| DROPPING ring of fire.
 33640 | Vaults:3 | Noticed Frederick
 33641 | Vaults:3 | 33641 ||| INVOKING Heroism.
 33651 | Vaults:3 | Killed Frederick
 33678 | Vaults:3 | 33678 ||| INVOKING Heroism.
 33763 | Vaults:3 | 33763 ||| Stepping ~*~*~tactically~*~*~ (stealth).
 33764 | Vaults:3 | 33764 ||| Stepping ~*~*~tactically~*~*~ (stealth).
 33765 | Vaults:3 | 33765 ||| Stepping ~*~*~tactically~*~*~ (stealth).
 33822 | Vaults:3 | 33822 ||| Stepping ~*~*~tactically~*~*~ (hiding).
 33978 | Vaults:3 | 33978 ||| INVOKING Heroism.
 34144 | Vaults:3 | Reached XP level 20. HP: 110/132 MP: 27/27
 34244 | Vaults:3 | 34244 ||| FLEEEEING.
 34245 | Vaults:3 | 34245 ||| FLEEEEING.
 34246 | Vaults:3 | 34246 ||| FLEEEEING.
 34247 | Vaults:3 | 34247 ||| FLEEEEING.
 34248 | Vaults:3 | 34248 ||| FLEEEEING.
 34249 | Vaults:3 | 34249 ||| FLEEEEING.
 34250 | Vaults:3 | 34250 ||| FLEEEEING.
 34253 | Vaults:3 | 34253 ||| FLEEEEING.
 34254 | Vaults:3 | 34254 ||| FLEEEEING.
 34255 | Vaults:3 | 34255 ||| FLEEEEING.
 34256 | Vaults:3 | 34256 ||| FLEEEEING.
 34257 | Vaults:3 | 34257 ||| Stepping ~*~*~tactically~*~*~ (hiding).
 34260 | Vaults:3 | 34260 ||| Stepping ~*~*~tactically~*~*~ (hiding).
 34262 | Vaults:3 | 34262 ||| Stepping ~*~*~tactically~*~*~ (hiding).
 34263 | Vaults:3 | 34263 ||| Stepping ~*~*~tactically~*~*~ (hiding).
 34264 | Vaults:3 | 34264 ||| Stepping ~*~*~tactically~*~*~ (hiding).
 34387 | Vaults:3 | 34387 ||| Stepping ~*~*~tactically~*~*~ (hiding).
 34389 | Vaults:3 | 34389 ||| Stepping ~*~*~tactically~*~*~ (hiding).
 34391 | Vaults:3 | 34391 ||| Stepping ~*~*~tactically~*~*~ (hiding).
 34393 | Vaults:3 | 34393 ||| Stepping ~*~*~tactically~*~*~ (hiding).
 34506 | Vaults:3 | 34506 ||| INVOKING Heroism.
 34511 | Vaults:3 | Received a gift from Okawaru
 34513 | Vaults:3 | Reached skill level 17 in Fighting
 34516 | Vaults:3 | HP: 28/134 [orc knight/+0 war axe of flaming (7)]
 34517 | Vaults:3 | 34517 ||| FLEEEEING.
 34518 | Vaults:3 | 34518 ||| FLEEEEING.
 34519 | Vaults:3 | 34519 ||| FLEEEEING.
 34520 | Vaults:3 | 34520 ||| FLEEEEING.
 34521 | Vaults:3 | 34521 ||| FLEEEEING.
 34522 | Vaults:3 | 34522 ||| FLEEEEING.
 34523 | Vaults:3 | 34523 ||| FLEEEEING.
 34524 | Vaults:3 | 34524 ||| FLEEEEING.
 34525 | Vaults:3 | 34525 ||| FLEEEEING.
 34526 | Vaults:3 | 34526 ||| FLEEEEING.
 34527 | Vaults:3 | 34527 ||| FLEEEEING.
 34528 | Vaults:3 | 34528 ||| FLEEEEING.
 34529 | Vaults:3 | 34529 ||| FLEEEEING.
 34530 | Vaults:3 | 34530 ||| FLEEEEING.
 34531 | Vaults:3 | 34531 ||| FLEEEEING.
 34532 | Vaults:3 | 34532 ||| FLEEEEING.
 34533 | Vaults:3 | 34533 ||| FLEEEEING.
 34534 | Vaults:3 | 34534 ||| FLEEEEING.
 34535 | Vaults:3 | 34535 ||| FLEEEEING.
 34536 | Vaults:3 | 34536 ||| FLEEEEING.
 34537 | Vaults:3 | 34537 ||| FLEEEEING.
 34538 | Vaults:3 | 34538 ||| FLEEEEING.
 34539 | Vaults:3 | 34539 ||| FLEEEEING.
 34540 | Vaults:3 | 34540 ||| FLEEEEING.
 34541 | Vaults:3 | 34541 ||| FLEEEEING.
 34542 | Vaults:3 | 34542 ||| FLEEEEING.
 34543 | Vaults:3 | 34543 ||| FLEEEEING.
 34544 | Vaults:3 | 34544 ||| FLEEEEING.
 34545 | Vaults:3 | 34545 ||| FLEEEEING.
 34546 | Vaults:3 | 34546 ||| FLEEEEING.
 34547 | Vaults:3 | 34547 ||| FLEEEEING.
 34548 | Vaults:3 | 34548 ||| FLEEEEING.
 34550 | Vaults:3 | 34550 ||| FLEEEEING.
 34551 | Vaults:3 | 34551 ||| FLEEEEING.
 34554 | Vaults:3 | 34554 ||| FLEEEEING.
 34555 | Vaults:3 | 34555 ||| FLEEEEING.
 34557 | Vaults:3 | 34557 ||| FLEEEEING.
 34558 | Vaults:3 | 34558 ||| FLEEEEING.
 34559 | Vaults:3 | 34559 ||| FLEEEEING.
 34560 | Vaults:3 | 34560 ||| FLEEEEING.
 34561 | Vaults:3 | 34561 ||| FLEEEEING.
 34564 | Vaults:3 | 34564 ||| FLEEEEING.
 34565 | Vaults:3 | 34565 ||| FLEEEEING.
 34566 | Vaults:3 | 34566 ||| FLEEEEING.
 34567 | Vaults:3 | 34567 ||| FLEEEEING.
 34568 | Vaults:3 | 34568 ||| INVOKING Heroism.
 34784 | Vaults:3 | Noticed Boris
 34801 | Vaults:3 | Killed Boris
 34878 | Vaults:3 | 34878 ||| Stepping ~*~*~tactically~*~*~ (hiding).
 34910 | Vaults:3 | 34910 ||| Stepping ~*~*~tactically~*~*~ (hiding).
 34917 | Vaults:3 | 34917 ||| INVOKING Heroism.
 34947 | Vaults:3 | Identified the +0 pair of gloves of Ceime {Will+} (Okawaru
                  | gifted it to you on level 3 of the Vaults)
 34947 | Vaults:3 | Received a gift from Okawaru
 35070 | Vaults:3 | 35070 ||| READING scroll of enchant armour.
 35070 | Vaults:3 | 35070 ||| ENCHANTING +8 plate armour.
 35375 | Vaults:3 | Noticed Xtahua
 35376 | Vaults:3 | 35376 ||| DRINKING potion of resistance.
 35378 | Vaults:3 | 35378 ||| Stepping ~*~*~tactically~*~*~ (hiding).
 35379 | Vaults:3 | 35379 ||| Stepping ~*~*~tactically~*~*~ (hiding).
 35380 | Vaults:3 | 35380 ||| Stepping ~*~*~tactically~*~*~ (hiding).
 35381 | Vaults:3 | 35381 ||| Stepping ~*~*~tactically~*~*~ (hiding).
 35389 | Vaults:3 | Killed Xtahua
 35523 | Vaults:3 | Found Wuycs's Jewellery Emporium.
 35635 | Vaults:3 | 35635 ||| DROPPING +2 plate armour of fire resistance.
 35636 | Vaults:3 | 35636 ||| DROPPING +0 pair of gloves of Ceime {Will+}.
 35637 | Vaults:3 | 35637 ||| DROPPING +0 pair of boots of rampaging.
 35688 | Vaults:4 | 35688 ||| Stepping ~*~*~tactically~*~*~ (hiding).
 35689 | Vaults:4 | 35689 ||| Stepping ~*~*~tactically~*~*~ (hiding).
 35690 | Vaults:4 | 35690 ||| Stepping ~*~*~tactically~*~*~ (hiding).
 35707 | Vaults:4 | 35707 ||| INVOKING Heroism.
 35766 | Vaults:4 | 35766 ||| INVOKING Heroism.
 35797 | Vaults:4 | 35797 ||| Stepping ~*~*~tactically~*~*~ (stealth).
 36081 | Vaults:4 | Reached skill level 18 in Fighting
 36141 | Vaults:4 | 36141 ||| INVOKING Heroism.
 36317 | Vaults:4 | 36317 ||| Stepping ~*~*~tactically~*~*~ (hiding).
 36584 | Vaults:4 | 36584 ||| Stepping ~*~*~tactically~*~*~ (stealth).
 36600 | Vaults:4 | 36600 ||| Stepping ~*~*~tactically~*~*~ (hiding).
 36603 | Vaults:4 | 36603 ||| INVOKING Heroism.
 36796 | Vaults:4 | 36796 ||| Stepping ~*~*~tactically~*~*~ (hiding).
 36798 | Vaults:4 | 36798 ||| Stepping ~*~*~tactically~*~*~ (hiding).
 37022 | Vaults:4 | 37022 ||| PLANNING SHOALS:4
 37349 | Shoals:4 | Entered Level 4 of the Shoals
 37363 | Shoals:4 | 37363 ||| Stepping ~*~*~tactically~*~*~ (hiding).
 37364 | Shoals:4 | Paralysed by an air elemental for 1 turns
 37388 | Shoals:4 | Reached skill level 6 in Dodging
 37388 | Shoals:4 | 37388 ||| Stepping ~*~*~tactically~*~*~ (hiding).
 37515 | Shoals:4 | 37515 ||| Stepping ~*~*~tactically~*~*~ (hiding).
 37516 | Shoals:4 | 37516 ||| Stepping ~*~*~tactically~*~*~ (hiding).
 37517 | Shoals:4 | 37517 ||| Stepping ~*~*~tactically~*~*~ (hiding).
 37519 | Shoals:4 | 37519 ||| Stepping ~*~*~tactically~*~*~ (hiding).
 37527 | Shoals:4 | 37527 ||| INVOKING Heroism.
 37528 | Shoals:4 | 37528 ||| INVOKING Finesse.
 37552 | Shoals:4 | 37552 ||| FLEEEEING.
 37740 | Shoals:4 | 37740 ||| Stepping ~*~*~tactically~*~*~ (stealth).
 37766 | Shoals:4 | 37766 ||| Stepping ~*~*~tactically~*~*~ (hiding).
 37766 | Shoals:4 | Identified the +4 bardiche "Pewkix" {heavy, rC+ Dex+2
                  | Stlth+}
 37794 | Shoals:4 | 37794 ||| Stepping ~*~*~tactically~*~*~ (hiding).
 37809 | Shoals:4 | 37809 ||| Stepping ~*~*~tactically~*~*~ (stealth).
 37815 | Shoals:4 | 37815 ||| Stepping ~*~*~tactically~*~*~ (stealth).
 37816 | Shoals:4 | 37816 ||| Stepping ~*~*~tactically~*~*~ (stealth).
 37817 | Shoals:4 | 37817 ||| Stepping ~*~*~tactically~*~*~ (hiding).
 37820 | Shoals:4 | 37820 ||| Stepping ~*~*~tactically~*~*~ (hiding).
 37946 | Shoals:4 | Got a barnacled rune of Zot
 37961 | Shoals:4 | Paralysed by an air elemental for 1 turns
 38003 | Shoals:4 | 38003 ||| Stepping ~*~*~tactically~*~*~ (hiding).
 38004 | Shoals:4 | 38004 ||| Stepping ~*~*~tactically~*~*~ (hiding).
 38158 | Shoals:4 | 38158 ||| Stepping ~*~*~tactically~*~*~ (hiding).
 38171 | Shoals:4 | Received a gift from Okawaru
 38280 | Shoals:4 | 38280 ||| Stepping ~*~*~tactically~*~*~ (stealth).
 38282 | Shoals:4 | 38282 ||| Stepping ~*~*~tactically~*~*~ (hiding).
 38283 | Shoals:4 | 38283 ||| Stepping ~*~*~tactically~*~*~ (hiding).
 38431 | Shoals:4 | 38431 ||| Stepping ~*~*~tactically~*~*~ (hiding).
 38432 | Shoals:4 | 38432 ||| Stepping ~*~*~tactically~*~*~ (hiding).
 38434 | Shoals:4 | 38434 ||| Stepping ~*~*~tactically~*~*~ (hiding).
 38606 | Shoals:4 | 38606 ||| Stepping ~*~*~tactically~*~*~ (hiding).
 38612 | Shoals:4 | 38612 ||| INVOKING Heroism.
 38613 | Shoals:4 | 38613 ||| INVOKING Finesse.
 38623 | Shoals:4 | Reached XP level 21. HP: 141/141 MP: 21/28
 38681 | Shoals:4 | 38681 ||| Stepping ~*~*~tactically~*~*~ (stealth).
 38719 | Shoals:4 | Found a stormy altar of Qazlal.
 38773 | Shoals:4 | 38773 ||| PLANNING DEPTHS
 38773 | Shoals:4 | 38773 ||| READING 24 scrolls of identify.
 38773 | Shoals:4 | 38773 ||| IDENTIFYING yellow potion
 38774 | Shoals:4 | 38774 ||| DROPPING potion of berserk rage.
 38994 | Depths:1 | Entered Level 1 of the Depths
 39017 | Depths:1 | Reached skill level 18 in Armour
 39066 | Depths:1 | Found a shimmering altar of Xom.
 39068 | Depths:1 | 39068 ||| Stepping ~*~*~tactically~*~*~ (stealth).
 39086 | Depths:1 | Found a shimmering altar of Xom.
 39092 | Depths:1 | 39092 ||| Stepping ~*~*~tactically~*~*~ (stealth).
 39094 | Depths:1 | 39094 ||| INVOKING Heroism.
 39096 | Depths:1 | 39096 ||| INVOKING Finesse.
 39168 | Depths:1 | Found Xuojiw's Weapon Shop.
 39305 | Depths:1 | 39305 ||| INVOKING Finesse.
 39336 | Depths:1 | 39336 ||| Stepping ~*~*~tactically~*~*~ (hiding).
 39344 | Depths:1 | 39344 ||| Stepping ~*~*~tactically~*~*~ (hiding).
 39345 | Depths:1 | Received a gift from Okawaru
 39348 | Depths:1 | 39348 ||| Stepping ~*~*~tactically~*~*~ (hiding).
 39350 | Depths:1 | 39350 ||| Stepping ~*~*~tactically~*~*~ (hiding).
 39353 | Depths:1 | 39353 ||| INVOKING Finesse.
 39371 | Depths:1 | 39371 ||| Stepping ~*~*~tactically~*~*~ (hiding).
 39372 | Depths:1 | 39372 ||| Stepping ~*~*~tactically~*~*~ (hiding).
 39373 | Depths:1 | 39373 ||| Stepping ~*~*~tactically~*~*~ (hiding).
 39374 | Depths:1 | Noticed Boris
 39375 | Depths:1 | 39375 ||| INVOKING Heroism.
 39391 | Depths:1 | 39391 ||| Stepping ~*~*~tactically~*~*~ (hiding).
 39400 | Depths:1 | Killed Boris
 39459 | Depths:1 | 39459 ||| Stepping ~*~*~tactically~*~*~ (hiding).
 39597 | Depths:1 | 39597 ||| Stepping ~*~*~tactically~*~*~ (hiding).
 39605 | Depths:1 | 39605 ||| Stepping ~*~*~tactically~*~*~ (hiding).
 39608 | Depths:1 | 39608 ||| Stepping ~*~*~tactically~*~*~ (hiding).
 39636 | Depths:1 | 39636 ||| Stepping ~*~*~tactically~*~*~ (hiding).
 39637 | Depths:1 | 39637 ||| Stepping ~*~*~tactically~*~*~ (hiding).
 39720 | Depths:1 | Noticed Asterion
 39721 | Depths:1 | 39721 ||| Stepping ~*~*~tactically~*~*~ (hiding).
 39722 | Depths:1 | 39722 ||| Stepping ~*~*~tactically~*~*~ (hiding).
 39726 | Depths:1 | 39726 ||| INVOKING Heroism.
 39740 | Depths:1 | Killed Asterion
 39780 | Depths:1 | 39780 ||| Stepping ~*~*~tactically~*~*~ (stealth).
 39782 | Depths:1 | 39782 ||| Stepping ~*~*~tactically~*~*~ (stealth).
 39784 | Depths:1 | 39784 ||| Stepping ~*~*~tactically~*~*~ (hiding).
 39805 | Depths:1 | 39805 ||| Stepping ~*~*~tactically~*~*~ (stealth).
 39811 | Depths:1 | Reached skill level 19 in Fighting
 39861 | Depths:1 | 39861 ||| Stepping ~*~*~tactically~*~*~ (hiding).
 39872 | Depths:1 | 39872 ||| INVOKING Finesse.
 39893 | Depths:1 | Received a gift from Okawaru
 39899 | Depths:1 | 39899 ||| INVOKING Heroism.
 39927 | Depths:1 | 39927 ||| Stepping ~*~*~tactically~*~*~ (hiding).
 39933 | Depths:1 | 39933 ||| INVOKING Heroism.
 39952 | Depths:1 | 39952 ||| Stepping ~*~*~tactically~*~*~ (hiding).
 39962 | Depths:1 | Received a gift from Okawaru
 40075 | Depths:1 | 40075 ||| Stepping ~*~*~tactically~*~*~ (stealth).
 40151 | Depths:1 | 40151 ||| INVOKING Heroism.
 40161 | Depths:1 | 40161 ||| Stepping ~*~*~tactically~*~*~ (hiding).
 40227 | Depths:1 | 40227 ||| Stepping ~*~*~tactically~*~*~ (stealth).
 40241 | Depths:1 | 40241 ||| INVOKING Heroism.
 40321 | Depths:1 | 40321 ||| INVOKING Heroism.
 40384 | Depths:1 | 40384 ||| INVOKING Heroism.
 40395 | Depths:1 | Noticed a golden dragon
 40396 | Depths:1 | 40396 ||| Stepping ~*~*~tactically~*~*~ (stealth).
 40406 | Depths:1 | Killed a golden dragon
 40502 | Depths:1 | Identified the +5 plate armour of the Imp {Int+5}
 40547 | Depths:1 | Found Xoneid's Weapon Emporium.
 40640 | Depths:1 | 40640 ||| Stepping ~*~*~tactically~*~*~ (stealth).
 40642 | Depths:1 | 40642 ||| Stepping ~*~*~tactically~*~*~ (stealth).
 40651 | Depths:1 | Received a gift from Okawaru
 40653 | Depths:1 | 40653 ||| FLEEEEING.
 40654 | Depths:1 | 40654 ||| FLEEEEING.
 40655 | Depths:1 | 40655 ||| FLEEEEING.
 40658 | Depths:1 | 40658 ||| FLEEEEING.
 40659 | Depths:1 | 40659 ||| FLEEEEING.
 40661 | Depths:1 | 40661 ||| FLEEEEING.
 40662 | Depths:1 | 40662 ||| FLEEEEING.
 40663 | Depths:1 | 40663 ||| FLEEEEING.
 40664 | Depths:1 | 40664 ||| FLEEEEING.
 40665 | Depths:1 | 40665 ||| FLEEEEING.
 40666 | Depths:1 | 40666 ||| FLEEEEING.
 40667 | Depths:1 | 40667 ||| FLEEEEING.
 40686 | Depths:1 | 40686 ||| FLEEEEING.
 40687 | Depths:1 | 40687 ||| FLEEEEING.
 40688 | Depths:1 | 40688 ||| FLEEEEING.
 40689 | Depths:1 | 40689 ||| FLEEEEING.
 40690 | Depths:1 | 40690 ||| FLEEEEING.
 40691 | Depths:1 | 40691 ||| FLEEEEING.
 40692 | Depths:1 | 40692 ||| FLEEEEING.
 40693 | Depths:1 | 40693 ||| FLEEEEING.
 40698 | Depths:1 | 40698 ||| STAIRDANCE
 40912 | Depths:1 | Found a gateway to Hell.
 41098 | Depths:2 | Noticed the Enchantress
 41102 | Depths:2 | 41102 ||| Stepping ~*~*~tactically~*~*~ (hiding).
 41119 | Depths:2 | 41119 ||| INVOKING Heroism.
 41134 | Depths:2 | HP: 33/144 [spriggan defender/+0 demon whip of venom[the
                  | Enchantress] (11)]
 41135 | Depths:2 | 41135 ||| READING 16 scrolls of teleportation.
 41136 | Depths:2 | 41136 ||| DRINKING 6 potions of heal wounds.
 41339 | Depths:2 | 41339 ||| INVOKING Heroism.
 41342 | Depths:2 | 41342 ||| Stepping ~*~*~tactically~*~*~ (hiding).
 41363 | Depths:2 | 41363 ||| Stepping ~*~*~tactically~*~*~ (stealth).
 41364 | Depths:2 | 41364 ||| Stepping ~*~*~tactically~*~*~ (stealth).
 41421 | Depths:2 | 41421 ||| Stepping ~*~*~tactically~*~*~ (stealth).
 41423 | Depths:2 | 41423 ||| Stepping ~*~*~tactically~*~*~ (hiding).
 41426 | Depths:2 | 41426 ||| INVOKING Heroism.
 41440 | Depths:2 | Found a shimmering blue altar of Sif Muna.
 41442 | Depths:2 | 41442 ||| Stepping ~*~*~tactically~*~*~ (stealth).
 41444 | Depths:2 | 41444 ||| Stepping ~*~*~tactically~*~*~ (stealth).
 41445 | Depths:2 | 41445 ||| Stepping ~*~*~tactically~*~*~ (stealth).
 41446 | Depths:2 | 41446 ||| Stepping ~*~*~tactically~*~*~ (stealth).
 41474 | Depths:2 | Received a gift from Okawaru
 41533 | Depths:2 | Noticed an ancient lich
 41534 | Depths:2 | 41534 ||| INVOKING Heroism.
 41535 | Depths:2 | Noticed an ancient lich
 41539 | Depths:2 | Reached XP level 22. HP: 141/149 MP: 27/29
 41554 | Depths:2 | Killed an ancient lich
 41556 | Depths:2 | 41556 ||| Stepping randomly (disturbance).
 41563 | Depths:2 | Killed an ancient lich
 41617 | Depths:2 | 41617 ||| INVOKING Heroism.
 41650 | Depths:2 | Identified the staff of poison "Atzemeno" {rElec rPois
                  | rCorr}
 41654 | Depths:2 | 41654 ||| READING scroll of enchant armour.
 41654 | Depths:2 | 41654 ||| ENCHANTING +9 plate armour.
 41730 | Depths:2 | 41730 ||| INVOKING Heroism.
 41903 | Depths:2 | 41903 ||| Stepping ~*~*~tactically~*~*~ (hiding).
 41904 | Depths:2 | 41904 ||| Stepping ~*~*~tactically~*~*~ (hiding).
 41908 | Depths:2 | 41908 ||| Stepping ~*~*~tactically~*~*~ (hiding).
 41913 | Depths:2 | 41913 ||| Stepping ~*~*~tactically~*~*~ (hiding).
 41915 | Depths:2 | 41915 ||| Stepping ~*~*~tactically~*~*~ (hiding).
 41917 | Depths:2 | 41917 ||| Stepping ~*~*~tactically~*~*~ (hiding).
 41949 | Depths:2 | Found Wigurphaod's Book Emporium.
 41990 | Depths:2 | 41990 ||| INVOKING Heroism.
 42064 | Depths:2 | 42064 ||| Stepping ~*~*~tactically~*~*~ (stealth).
 42066 | Depths:2 | 42066 ||| Stepping ~*~*~tactically~*~*~ (hiding).
 42135 | Depths:2 | 42135 ||| Stepping ~*~*~tactically~*~*~ (hiding).
 42139 | Depths:2 | 42139 ||| Stepping ~*~*~tactically~*~*~ (hiding).
 42143 | Depths:2 | 42143 ||| INVOKING Heroism.
 42245 | Depths:2 | 42245 ||| Stepping ~*~*~tactically~*~*~ (hiding).
 42248 | Depths:2 | 42248 ||| INVOKING Heroism.
 42491 | Depths:2 | Found a runed translucent door.
 42626 | Depths:2 | 42626 ||| DROPPING +4 fire dragon scales {Xtahua}.
 42703 | Depths:2 | 42703 ||| INVOKING Heroism.
 42854 | Depths:2 | Found a one-way gate leading to the halls of Pandemonium.
 42855 | Depths:2 | 42855 ||| Stepping ~*~*~tactically~*~*~ (hiding).
 42928 | Depths:2 | 42928 ||| INVOKING Heroism.
 42939 | Depths:2 | Killed the Enchantress
 42940 | Depths:2 | Reached skill level 20 in Fighting
 43078 | Depths:2 | Paralysed by a floating eye for 4 turns
 43088 | Depths:2 | 43088 ||| Stepping ~*~*~tactically~*~*~ (hiding).
 43092 | Depths:2 | Received a gift from Okawaru
 43192 | Depths:2 | Identified the +4 hand axe of Vimacw {drain, rF+ rC- Int+8
                  | Dex+3}
 43262 | Depths:3 | 43262 ||| INVOKING Heroism.
 43270 | Depths:3 | Found Gozag's Assorted Antiques.
 43277 | Depths:3 | Noticed a golden dragon
 43330 | Depths:3 | 43330 ||| Stepping ~*~*~tactically~*~*~ (stealth).
 43330 | Depths:3 | Found Gozag's Assorted Antiques.
 43331 | Depths:3 | 43331 ||| Stepping ~*~*~tactically~*~*~ (stealth).
 43333 | Depths:3 | 43333 ||| Stepping ~*~*~tactically~*~*~ (stealth).
 43334 | Depths:3 | 43334 ||| Stepping ~*~*~tactically~*~*~ (stealth).
 43336 | Depths:3 | 43336 ||| INVOKING Heroism.
 43408 | Depths:3 | 43408 ||| Stepping ~*~*~tactically~*~*~ (stealth).
 43413 | Depths:3 | 43413 ||| INVOKING Heroism.
 43449 | Depths:3 | Found an opulent altar of Gozag.
 43453 | Depths:3 | 43453 ||| Stepping ~*~*~tactically~*~*~ (stealth).
 43454 | Depths:3 | 43454 ||| BUYING potion of lignification (300 gold).
 43454 | Depths:3 | Bought a potion of lignification for 300 gold pieces
 43455 | Depths:3 | 43455 ||| Stepping ~*~*~tactically~*~*~ (stealth).
 43455 | Depths:3 | Found Gozag's Antique Armour Shoppe.
 43461 | Depths:3 | 43461 ||| INVOKING Heroism.
 43539 | Depths:3 | 43539 ||| INVOKING Heroism.
 43545 | Depths:3 | Killed a golden dragon
 43642 | Depths:3 | Found Ucaasuk's Jewellery Boutique.
 43643 | Depths:3 | Found Joerixt's Book Shoppe.
 43645 | Depths:3 | Found Fyivur's Jewellery Boutique.
 43651 | Depths:3 | 43651 ||| BUYING ring "Lixeic" {*Slow +Blink rPois Will+++
                  | Str+2} (909 gold).
 43651 | Depths:3 | Bought the ring "Lixeic" {*Slow +Blink rPois Will+++ Str+2}
                  | for 909 gold pieces
 43655 | Depths:3 | 43655 ||| BUYING amulet of Iskutoj {Acrobat -Cast Str+8
                  | Dex-5} (834 gold).
 43655 | Depths:3 | Bought the amulet of Iskutoj {Acrobat -Cast Str+8 Dex-5}
                  | for 834 gold pieces
 43664 | Depths:3 | 43664 ||| Stepping ~*~*~tactically~*~*~ (hiding).
 43665 | Depths:3 | 43665 ||| Stepping ~*~*~tactically~*~*~ (hiding).
 43670 | Depths:3 | Received a gift from Okawaru
 43894 | Depths:3 | 43894 ||| INVOKING Heroism.
 43989 | Depths:3 | 43989 ||| Stepping ~*~*~tactically~*~*~ (stealth).
 44007 | Depths:3 | 44007 ||| Stepping ~*~*~tactically~*~*~ (stealth).
 44094 | Depths:3 | 44094 ||| Stepping ~*~*~tactically~*~*~ (hiding).
 44101 | Depths:3 | Received a gift from Okawaru
 44158 | Depths:3 | 44158 ||| Stepping ~*~*~tactically~*~*~ (stealth).
 44167 | Depths:3 | 44167 ||| Stepping ~*~*~tactically~*~*~ (hiding).
 44190 | Depths:3 | Reached skill level 21 in Shields
 44307 | Depths:3 | 44307 ||| Stepping ~*~*~tactically~*~*~ (hiding).
 44318 | Depths:3 | 44318 ||| Stepping ~*~*~tactically~*~*~ (hiding).
 44335 | Depths:3 | 44335 ||| Stepping ~*~*~tactically~*~*~ (hiding).
 44357 | Depths:3 | Found a one-way gateway to a ziggurat.
 44376 | Depths:3 | Found a hide-covered altar of Uskayaw.
 44381 | Depths:3 | 44381 ||| Stepping ~*~*~tactically~*~*~ (hiding).
 44383 | Depths:3 | 44383 ||| Stepping ~*~*~tactically~*~*~ (hiding).
 44385 | Depths:3 | 44385 ||| Stepping ~*~*~tactically~*~*~ (hiding).
 44429 | Depths:3 | 44429 ||| Stepping ~*~*~tactically~*~*~ (hiding).
 44430 | Depths:3 | 44430 ||| Stepping ~*~*~tactically~*~*~ (hiding).
 44596 | Depths:3 | Found a runed translucent door.
 44737 | Depths:3 | Noticed strangelove's ghost (master GrEE)
 44739 | Depths:3 | 44739 ||| UPGRADING to amulet of Iskutoj {Acrobat -Cast
                  | Str+8 Dex-5}.
 44780 | Depths:4 | Entered Level 4 of the Depths
 44788 | Depths:4 | Received a gift from Okawaru
 44790 | Depths:4 | 44790 ||| INVOKING Heroism.
 44790 | Depths:4 | Noticed a golden dragon
 44798 | Depths:4 | Killed a golden dragon
 44805 | Depths:4 | HP: 33/153 [something (8)]
 44806 | Depths:4 | 44806 ||| READING 18 scrolls of teleportation.
 44807 | Depths:4 | 44807 ||| DRINKING 5 potions of heal wounds.
 44808 | Depths:4 | Received a gift from Okawaru
 44810 | Depths:4 | HP: 38/153 [storm dragon (2)]
 44811 | Depths:4 | 44811 ||| DRINKING 4 potions of heal wounds.
 45034 | Depths:4 | 45034 ||| READING scroll of acquirement.
 45034 | Depths:4 | 45034 ||| ACQUIRING +0 pair of boots of Lytin {rCorr Str-5
                  | Dex+7}
 45034 | Depths:4 | Acquired the +0 pair of boots of Lytin {rCorr Str-5 Dex+7}
 45039 | Depths:4 | 45039 ||| INVOKING Heroism.
 45152 | Depths:4 | 45152 ||| INVOKING Heroism.
 45162 | Depths:4 | 45162 ||| Stepping ~*~*~tactically~*~*~ (hiding).
 45163 | Depths:4 | 45163 ||| Stepping ~*~*~tactically~*~*~ (hiding).
 45179 | Depths:4 | Noticed Boris
 45187 | Depths:4 | Killed Boris
 45188 | Depths:4 | Reached skill level 21 in Fighting
 45188 | Depths:4 | Reached XP level 23. HP: 158/160 MP: 30/30
 45271 | Depths:4 | 45271 ||| Stepping ~*~*~tactically~*~*~ (stealth).
 45275 | Depths:4 | 45275 ||| Stepping ~*~*~tactically~*~*~ (hiding).
 45278 | Depths:4 | 45278 ||| INVOKING Heroism.
 45373 | Depths:4 | 45373 ||| Stepping ~*~*~tactically~*~*~ (hiding).
 45535 | Depths:4 | 45535 ||| Stepping ~*~*~tactically~*~*~ (hiding).
 45538 | Depths:4 | 45538 ||| Stepping ~*~*~tactically~*~*~ (hiding).
 45647 | Depths:4 | 45647 ||| Stepping ~*~*~tactically~*~*~ (hiding).
 45657 | Depths:4 | 45657 ||| Stepping ~*~*~tactically~*~*~ (stealth).
 45686 | Depths:4 | 45686 ||| INVOKING Heroism.
 45732 | Depths:4 | 45732 ||| INVOKING Heroism.
 45746 | Depths:4 | Received a gift from Okawaru
 45761 | Depths:4 | HP: 37/160 [stone giant (15)]
 45762 | Depths:4 | 45762 ||| READING 17 scrolls of teleportation.
 45763 | Depths:4 | 45763 ||| DRINKING 3 potions of heal wounds.
 46066 | Depths:4 | 46066 ||| Stepping ~*~*~tactically~*~*~ (stealth).
 46069 | Depths:4 | 46069 ||| INVOKING Heroism.
 46117 | Depths:4 | 46117 ||| FLEEEEING.
 46118 | Depths:4 | 46118 ||| FLEEEEING.
 46188 | Depths:4 | 46188 ||| Stepping ~*~*~tactically~*~*~ (hiding).
 46190 | Depths:4 | 46190 ||| INVOKING Heroism.
 46202 | Depths:4 | Reached skill level 12 in Throwing
 46207 | Depths:4 | 46207 ||| Stepping ~*~*~tactically~*~*~ (hiding).
 46237 | Depths:4 | 46237 ||| Stepping ~*~*~tactically~*~*~ (stealth).
 46237 | Depths:4 | Found a runed translucent door.
 46267 | Depths:4 | 46267 ||| FLEEEEING.
 46303 | Depths:4 | 46303 ||| Stepping ~*~*~tactically~*~*~ (stealth).
 46304 | Depths:4 | 46304 ||| Stepping ~*~*~tactically~*~*~ (stealth).
 46323 | Depths:4 | 46323 ||| FLEEEEING.
 46324 | Depths:4 | 46324 ||| FLEEEEING.
 46328 | Depths:4 | 46328 ||| INVOKING Heroism.
 46397 | Depths:4 | Found a runed translucent door.
 46445 | Depths:4 | 46445 ||| Stepping ~*~*~tactically~*~*~ (hiding).
 46446 | Depths:4 | 46446 ||| Stepping ~*~*~tactically~*~*~ (hiding).
 46448 | Depths:4 | 46448 ||| Stepping ~*~*~tactically~*~*~ (hiding).
 46474 | Depths:4 | Found a runed translucent door.
 46474 | Depths:4 | Found a runed translucent door.
 46513 | Depths:4 | Found a runed translucent door.
 46520 | Depths:4 | Found a runed translucent door.
 46556 | Depths:4 | Found a gate to the Realm of Zot.
 46621 | Depths:4 | Reached skill level 21 in Armour
 46667 | Depths:4 | 46667 ||| FLEEEEING.
 46668 | Depths:4 | 46668 ||| FLEEEEING.
 46669 | Depths:4 | 46669 ||| FLEEEEING.
 46670 | Depths:4 | 46670 ||| FLEEEEING.
 46671 | Depths:4 | 46671 ||| FLEEEEING.
 46672 | Depths:4 | 46672 ||| FLEEEEING.
 46673 | Depths:4 | 46673 ||| FLEEEEING.
 46674 | Depths:4 | 46674 ||| FLEEEEING.
 46675 | Depths:4 | 46675 ||| FLEEEEING.
 46676 | Depths:4 | 46676 ||| FLEEEEING.
 46680 | Depths:4 | 46680 ||| FLEEEEING.
 46681 | Depths:4 | 46681 ||| FLEEEEING.
 46682 | Depths:4 | 46682 ||| FLEEEEING.
 46683 | Depths:4 | 46683 ||| FLEEEEING.
 46684 | Depths:4 | 46684 ||| FLEEEEING.
 46685 | Depths:4 | 46685 ||| FLEEEEING.
 46691 | Depths:4 | 46691 ||| FLEEEEING.
 46692 | Depths:4 | 46692 ||| Stepping ~*~*~tactically~*~*~ (hiding).
 46693 | Depths:4 | 46693 ||| Stepping ~*~*~tactically~*~*~ (hiding).
 46696 | Depths:4 | Received a gift from Okawaru
 46706 | Depths:4 | 46706 ||| FLEEEEING.
 46707 | Depths:4 | 46707 ||| FLEEEEING.
 46708 | Depths:4 | 46708 ||| FLEEEEING.
 46709 | Depths:4 | 46709 ||| FLEEEEING.
 46710 | Depths:4 | 46710 ||| FLEEEEING.
 46711 | Depths:4 | 46711 ||| FLEEEEING.
 46714 | Depths:4 | 46714 ||| FLEEEEING.
 46715 | Depths:4 | 46715 ||| FLEEEEING.
 46716 | Depths:4 | 46716 ||| FLEEEEING.
 46719 | Depths:4 | 46719 ||| FLEEEEING.
 46720 | Depths:4 | 46720 ||| FLEEEEING.
 46721 | Depths:4 | 46721 ||| FLEEEEING.
 46722 | Depths:4 | 46722 ||| FLEEEEING.
 46723 | Depths:4 | 46723 ||| FLEEEEING.
 46724 | Depths:4 | 46724 ||| STAIRDANCE
 47043 | Depths:4 | 47043 ||| Stepping ~*~*~tactically~*~*~ (hiding).
 47319 | Depths:4 | 47319 ||| PLANNING VAULTS:5
 47655 | Vaults:5 | Entered Level 5 of the Vaults
 47656 | Vaults:5 | 47656 ||| INVOKING Heroism.
 47670 | Vaults:5 | Reached skill level 22 in Fighting
 47671 | Vaults:5 | 47671 ||| STAIRDANCE
 47673 | Vaults:4 | Received a gift from Okawaru
 48023 | Vaults:5 | 48023 ||| INVOKING Heroism.
 48143 | Vaults:5 | 48143 ||| INVOKING Heroism.
 48151 | Vaults:5 | 48151 ||| INVOKING Finesse.
 48161 | Vaults:5 | Received a gift from Okawaru
 48240 | Vaults:5 | Identified the staff of poison "Yjawnucvai" {rElec rPois
                  | rN+ Str+5}
 48250 | Vaults:5 | Got a silver rune of Zot
 48283 | Vaults:5 | Noticed an ancient lich
 48284 | Vaults:5 | 48284 ||| INVOKING Heroism.
 48297 | Vaults:5 | Killed an ancient lich
 48298 | Vaults:5 | 48298 ||| Stepping ~*~*~tactically~*~*~ (hiding).
 48299 | Vaults:5 | 48299 ||| INVOKING Finesse.
 48300 | Vaults:5 | Received a gift from Okawaru
 48301 | Vaults:5 | Reached XP level 24. HP: 109/168 MP: 25/30
 48327 | Vaults:5 | Received a gift from Okawaru
 48487 | Vaults:5 | Found the +3 salamander hide armour {Flames, rFlCloud rF++
                  | rC--}
 48493 | Vaults:5 | Identified the ring of the Quahog {rPois rF+ Str+6 Int-2}
 48506 | Vaults:5 | Identified the +8 short sword "Uneong" {flame, rC+ MP-9
                  | Str-3 Dex+8}
 48558 | Vaults:5 | 48558 ||| Stepping ~*~*~tactically~*~*~ (hiding).
 48560 | Vaults:5 | 48560 ||| Stepping ~*~*~tactically~*~*~ (hiding).
 48633 | Vaults:5 | 48633 ||| INVOKING Heroism.
 48639 | Vaults:5 | 48639 ||| INVOKING Finesse.
 48705 | Vaults:5 | 48705 ||| INVOKING Heroism.
 48724 | Vaults:5 | Identified the staff of fire "Qasom" {rF+ Int+7}
 48745 | Vaults:5 | 48745 ||| Stepping ~*~*~tactically~*~*~ (hiding).
 48769 | Vaults:5 | 48769 ||| Stepping ~*~*~tactically~*~*~ (hiding).
 48771 | Vaults:5 | 48771 ||| Stepping ~*~*~tactically~*~*~ (hiding).
 48772 | Vaults:5 | 48772 ||| Stepping ~*~*~tactically~*~*~ (hiding).
 48773 | Vaults:5 | 48773 ||| Stepping ~*~*~tactically~*~*~ (hiding).
 48813 | Vaults:5 | 48813 ||| Stepping ~*~*~tactically~*~*~ (stealth).
 48815 | Vaults:5 | Identified the +4 glaive of Disarray {flame, rPois Will++
                  | Int-4 Dex+8}
 48816 | Vaults:5 | 48816 ||| INVOKING Heroism.
 48902 | Vaults:5 | Received a gift from Okawaru
 48921 | Vaults:5 | 48921 ||| INVOKING Heroism.
 48953 | Vaults:5 | 48953 ||| Stepping ~*~*~tactically~*~*~ (hiding).
 49055 | Vaults:5 | 49055 ||| Stepping ~*~*~tactically~*~*~ (hiding).
 49059 | Vaults:5 | 49059 ||| INVOKING Heroism.
 49285 | Vaults:5 | 49285 ||| INVOKING Heroism.
 49338 | Vaults:5 | Identified the staff of fire "Wutak" {rPois rF+ rN+}
 49339 | Vaults:5 | Identified the staff of poison "Baomire" {rPois Str+5}
 49429 | Vaults:5 | Identified the +6 glaive "Seudeer" {drain, Will++}
 49441 | Vaults:5 | 49441 ||| Stepping ~*~*~tactically~*~*~ (stealth).
 49608 | Vaults:5 | 49608 ||| Stepping ~*~*~tactically~*~*~ (hiding).
 49616 | Vaults:5 | 49616 ||| INVOKING Heroism.
 49622 | Vaults:5 | Received a gift from Okawaru
 49730 | Vaults:5 | 49730 ||| Stepping ~*~*~tactically~*~*~ (hiding).
 49735 | Vaults:5 | 49735 ||| INVOKING Heroism.
 49929 | Vaults:5 | 49929 ||| PLANNING SHOPPING SPREE
 49929 | Vaults:5 | 49929 ||| DROPPING ring of protection from fire.
 49930 | Vaults:5 | 49930 ||| DROPPING +6 ring of strength.
 49931 | Vaults:5 | 49931 ||| UPGRADING to ring of the Quahog {rPois rF+ Str+6
                  | Int-2}.
 50310 | Orc:2    | 50310 ||| BUYING potion of cancellation (96 gold).
 50310 | Orc:2    | Bought a potion of cancellation for 96 gold pieces
 50310 | Orc:2    | 50310 ||| BUYING potion of curing (36 gold).
 50310 | Orc:2    | Bought a potion of curing for 36 gold pieces
 50310 | Orc:2    | 50310 ||| BUYING potion of haste (120 gold).
 50310 | Orc:2    | Bought a potion of haste for 120 gold pieces
 50310 | Orc:2    | 50310 ||| BUYING potion of haste (120 gold).
 50310 | Orc:2    | Bought a potion of haste for 120 gold pieces
 50310 | Orc:2    | 50310 ||| BUYING potion of magic (96 gold).
 50310 | Orc:2    | Bought a potion of magic for 96 gold pieces
 50764 | D:7      | 50764 ||| PLANNING ZOT:1-4
 51061 | Zot:1    | Entered Level 1 of the Realm of Zot
 51084 | Zot:1    | 51084 ||| INVOKING Heroism.
 51099 | Zot:1    | Received a gift from Okawaru
 51101 | Zot:1    | 51101 ||| Stepping ~*~*~tactically~*~*~ (stealth).
 51102 | Zot:1    | 51102 ||| Stepping ~*~*~tactically~*~*~ (stealth).
 51251 | Zot:1    | Reached skill level 23 in Fighting
 51448 | Zot:1    | Noticed Vv
 51449 | Zot:1    | 51449 ||| DRINKING potion of resistance.
 51450 | Zot:1    | 51450 ||| INVOKING Heroism.
 51470 | Zot:1    | HP: 38/171 [Vv (11)]
 51471 | Zot:1    | 51471 ||| READING 20 scrolls of teleportation.
 51472 | Zot:1    | 51472 ||| DRINKING 2 potions of heal wounds.
 51473 | Zot:1    | Killed Vv
 51534 | Zot:1    | 51534 ||| INVOKING Heroism.
 51541 | Zot:1    | Received a gift from Okawaru
 52159 | Zot:2    | 52159 ||| INVOKING Heroism.
 52512 | Zot:2    | 52512 ||| INVOKING Heroism.
 52538 | Zot:2    | 52538 ||| Stepping ~*~*~tactically~*~*~ (hiding).
 52548 | Zot:2    | Received a gift from Okawaru
 52834 | Zot:2    | 52834 ||| Stepping ~*~*~tactically~*~*~ (stealth).
 53322 | Zot:3    | Noticed a curse toe
 53323 | Zot:3    | 53323 ||| INVOKING Heroism.
 53326 | Zot:3    | Killed a curse toe
 53353 | Zot:3    | 53353 ||| Stepping ~*~*~tactically~*~*~ (hiding).
 53355 | Zot:3    | 53355 ||| Stepping ~*~*~tactically~*~*~ (hiding).
 53356 | Zot:3    | 53356 ||| Stepping ~*~*~tactically~*~*~ (hiding).
 53357 | Zot:3    | 53357 ||| Stepping ~*~*~tactically~*~*~ (hiding).
 53358 | Zot:3    | 53358 ||| Stepping ~*~*~tactically~*~*~ (hiding).
 53461 | Zot:3    | Reached skill level 24 in Fighting
 53528 | Zot:3    | Reached XP level 25. HP: 169/178 MP: 30/30
 53543 | Zot:3    | 53543 ||| Stepping ~*~*~tactically~*~*~ (stealth).
 53623 | Zot:3    | 53623 ||| Stepping ~*~*~tactically~*~*~ (hiding).
 53625 | Zot:3    | 53625 ||| Stepping ~*~*~tactically~*~*~ (hiding).
 53633 | Zot:3    | Noticed an orb of fire
 53634 | Zot:3    | 53634 ||| DRINKING potion of resistance.
 53635 | Zot:3    | 53635 ||| INVOKING Heroism.
 53636 | Zot:3    | 53636 ||| INVOKING Finesse.
 53646 | Zot:3    | Killed an orb of fire
 53646 | Zot:3    | Received a gift from Okawaru
 53848 | Zot:3    | 53848 ||| INVOKING Heroism.
 54496 | Zot:4    | Found a transporter.
 54499 | Zot:4    | Found a transporter.
 54525 | Zot:4    | 54525 ||| Stepping ~*~*~tactically~*~*~ (hiding).
 54534 | Zot:4    | 54534 ||| Stepping ~*~*~tactically~*~*~ (hiding).
 54549 | Zot:4    | 54549 ||| Stepping ~*~*~tactically~*~*~ (hiding).
 54559 | Zot:4    | 54559 ||| Stepping ~*~*~tactically~*~*~ (hiding).
 54560 | Zot:4    | 54560 ||| Stepping ~*~*~tactically~*~*~ (hiding).
 54568 | Zot:4    | Received a gift from Okawaru
 54575 | Zot:4    | 54575 ||| Stepping ~*~*~tactically~*~*~ (hiding).
 54722 | Zot:4    | 54722 ||| Stepping ~*~*~tactically~*~*~ (hiding).
 54723 | Zot:4    | 54723 ||| Stepping ~*~*~tactically~*~*~ (hiding).
 54726 | Zot:4    | 54726 ||| INVOKING Heroism.
 54782 | Zot:4    | Found a transporter.
 54787 | Zot:4    | Found a transporter.
 55068 | Zot:4    | Found a transporter.
 55072 | Zot:4    | Found a transporter.
 55269 | Zot:4    | 55269 ||| PLANNING THE SHINING ONE WORSHIP
 55288 | Zot:4    | 55288 ||| INVOKING Heroism.
 55292 | Zot:4    | 55292 ||| FLEEEEING.
 55297 | Zot:4    | 55297 ||| FLEEEEING.
 55298 | Zot:4    | 55298 ||| FLEEEEING.
 55307 | Zot:4    | 55307 ||| STAIRDANCE
 55940 | Temple   | Fell from the grace of Okawaru
 55940 | Temple   | Became a worshipper of the Shining One
 55940 | Temple   | 55940 ||| PLANNING CRYPT
 56209 | Crypt:1  | Entered Level 1 of the Crypt
 56217 | Crypt:1  | 56217 ||| STAIRDANCE
 56272 | Crypt:1  | 56272 ||| Stepping ~*~*~tactically~*~*~ (hiding).
 56280 | Crypt:1  | Reached * piety under the Shining One
 56438 | Crypt:1  | Identified the +1 leather armour "Reokatup" {-Tele rF+ rC+
                  | Str+3}
 56444 | Crypt:1  | 56444 ||| Stepping ~*~*~tactically~*~*~ (stealth).
 56445 | Crypt:1  | 56445 ||| Stepping ~*~*~tactically~*~*~ (stealth).
 56552 | Crypt:1  | 56552 ||| Stepping ~*~*~tactically~*~*~ (hiding).
 56558 | Crypt:1  | Reached ** piety under the Shining One
 56558 | Crypt:1  | Noticed Sojobo
 56577 | Crypt:1  | Noticed Boris
 56585 | Crypt:1  | Killed Boris
 56585 | Crypt:1  | Paralysed by an air elemental for 1 turns
 56612 | Crypt:1  | Killed Sojobo
 56635 | Crypt:1  | Reached skill level 12 in Invocations
 56642 | Crypt:1  | 56642 ||| FLEEEEING.
 56675 | Crypt:1  | 56675 ||| FLEEEEING.
 56676 | Crypt:1  | 56676 ||| FLEEEEING.
 56677 | Crypt:1  | 56677 ||| FLEEEEING.
 56678 | Crypt:1  | 56678 ||| FLEEEEING.
 56679 | Crypt:1  | 56679 ||| FLEEEEING.
 56680 | Crypt:1  | 56680 ||| FLEEEEING.
 56681 | Crypt:1  | 56681 ||| FLEEEEING.
 56682 | Crypt:1  | 56682 ||| FLEEEEING.
 56683 | Crypt:1  | 56683 ||| FLEEEEING.
 56684 | Crypt:1  | 56684 ||| FLEEEEING.
 56690 | Crypt:1  | 56690 ||| STAIRDANCE
 56734 | Crypt:1  | Reached *** piety under the Shining One
 56784 | Crypt:1  | 56784 ||| Stepping ~*~*~tactically~*~*~ (stealth).
 56806 | Crypt:1  | 56806 ||| Stepping ~*~*~tactically~*~*~ (hiding).
 56809 | Crypt:1  | 56809 ||| Stepping ~*~*~tactically~*~*~ (hiding).
 56821 | Crypt:1  | 56821 ||| Stepping ~*~*~tactically~*~*~ (stealth).
 57032 | Crypt:1  | 57032 ||| Stepping ~*~*~tactically~*~*~ (stealth).
 57323 | Crypt:1  | Identified the ring "Wiklypniu" {Ice rN++ Int+3}
 57323 | Crypt:1  | Noticed Josephina
 57326 | Crypt:1  | Reached **** piety under the Shining One
 57340 | Crypt:1  | Killed Josephina
 57341 | Crypt:1  | 57341 ||| FLEEEEING.
 57342 | Crypt:1  | 57342 ||| FLEEEEING.
 57343 | Crypt:1  | 57343 ||| FLEEEEING.
 57344 | Crypt:1  | 57344 ||| FLEEEEING.
 57345 | Crypt:1  | 57345 ||| FLEEEEING.
 57346 | Crypt:1  | 57346 ||| FLEEEEING.
 57347 | Crypt:1  | 57347 ||| FLEEEEING.
 57348 | Crypt:1  | 57348 ||| FLEEEEING.
 57349 | Crypt:1  | 57349 ||| FLEEEEING.
 57350 | Crypt:1  | 57350 ||| FLEEEEING.
 57351 | Crypt:1  | 57351 ||| FLEEEEING.
 57352 | Crypt:1  | 57352 ||| FLEEEEING.
 57353 | Crypt:1  | 57353 ||| FLEEEEING.
 57354 | Crypt:1  | 57354 ||| FLEEEEING.
 57359 | Crypt:1  | 57359 ||| FLEEEEING.
 57360 | Crypt:1  | 57360 ||| FLEEEEING.
 57365 | Crypt:1  | 57365 ||| FLEEEEING.
 57366 | Crypt:1  | 57366 ||| FLEEEEING.
 57367 | Crypt:1  | 57367 ||| FLEEEEING.
 57368 | Crypt:1  | 57368 ||| FLEEEEING.
 57369 | Crypt:1  | 57369 ||| FLEEEEING.
 57370 | Crypt:1  | 57370 ||| FLEEEEING.
 57371 | Crypt:1  | 57371 ||| FLEEEEING.
 57389 | Crypt:1  | 57389 ||| FLEEEEING.
 57390 | Crypt:1  | 57390 ||| FLEEEEING.
 57391 | Crypt:1  | 57391 ||| STAIRDANCE
 57713 | Crypt:2  | 57713 ||| Stepping ~*~*~tactically~*~*~ (hiding).
 57714 | Crypt:2  | 57714 ||| Stepping ~*~*~tactically~*~*~ (hiding).
 57715 | Crypt:2  | 57715 ||| Stepping ~*~*~tactically~*~*~ (hiding).
 57716 | Crypt:2  | 57716 ||| Stepping ~*~*~tactically~*~*~ (hiding).
 57717 | Crypt:2  | 57717 ||| Stepping ~*~*~tactically~*~*~ (hiding).
 57735 | Crypt:2  | Reached ***** piety under the Shining One
 57736 | Crypt:2  | 57736 ||| Stepping ~*~*~tactically~*~*~ (hiding).
 57737 | Crypt:2  | 57737 ||| Stepping ~*~*~tactically~*~*~ (hiding).
 57756 | Crypt:2  | 57756 ||| Stepping ~*~*~tactically~*~*~ (stealth).
 57779 | Crypt:2  | 57779 ||| FLEEEEING.
 57780 | Crypt:2  | 57780 ||| FLEEEEING.
 57781 | Crypt:2  | 57781 ||| FLEEEEING.
 57782 | Crypt:2  | 57782 ||| FLEEEEING.
 57787 | Crypt:2  | 57787 ||| Stepping ~*~*~tactically~*~*~ (hiding).
 57792 | Crypt:2  | 57792 ||| INVOKING Cleansing Flame.
 57793 | Crypt:2  | 57793 ||| INVOKING Cleansing Flame.
 57891 | Crypt:2  | 57891 ||| Stepping ~*~*~tactically~*~*~ (stealth).
 58216 | Crypt:2  | 58216 ||| DROPPING +1 pair of gloves.
 58245 | Crypt:3  | Entered Level 3 of the Crypt
 58276 | Crypt:3  | Noticed Boris
 58277 | Crypt:3  | 58277 ||| INVOKING Summon Divine Warrior.
 58278 | Crypt:3  | 58278 ||| INVOKING Cleansing Flame.
 58279 | Crypt:3  | 58279 ||| INVOKING Cleansing Flame.
 58281 | Crypt:3  | Killed Boris
 58282 | Crypt:3  | Reached skill level 15 in Invocations
 58290 | Crypt:3  | Found the +7 sceptre of Torment {pain, torment}
 58328 | Crypt:3  | Reached ****** piety under the Shining One
 58330 | Crypt:3  | 58330 ||| INVOKING Brand Weapon With Holy Wrath.
 58330 | Crypt:3  | Identified a +9 broad axe of holy wrath (a +9 spectral
                  | broad axe blessed by the Shining One)
 58330 | Crypt:3  | Received a gift from the Shining One
 58472 | Crypt:3  | 58472 ||| INVOKING Cleansing Flame.
 58476 | Crypt:3  | 58476 ||| INVOKING Cleansing Flame.
 58477 | Crypt:3  | 58477 ||| INVOKING Cleansing Flame.
 58480 | Crypt:3  | Reached XP level 26. HP: 186/186 MP: 25/34
 58507 | Crypt:3  | Found a staircase to the Tomb.
 58525 | Crypt:3  | 58525 ||| FLEEEEING.
 58526 | Crypt:3  | 58526 ||| FLEEEEING.
 58527 | Crypt:3  | 58527 ||| FLEEEEING.
 58528 | Crypt:3  | 58528 ||| FLEEEEING.
 58529 | Crypt:3  | 58529 ||| FLEEEEING.
 58530 | Crypt:3  | 58530 ||| FLEEEEING.
 58531 | Crypt:3  | 58531 ||| FLEEEEING.
 58532 | Crypt:3  | 58532 ||| FLEEEEING.
 58540 | Crypt:3  | 58540 ||| FLEEEEING.
 58541 | Crypt:3  | 58541 ||| FLEEEEING.
 58542 | Crypt:3  | 58542 ||| FLEEEEING.
 58543 | Crypt:3  | 58543 ||| STAIRDANCE
 58645 | Crypt:2  | 58645 ||| DROPPING ring "Wiklypniu" {Ice rN++ Int+3}.
 58675 | Crypt:3  | 58675 ||| INVOKING Summon Divine Warrior.
 59191 | Crypt:3  | 59191 ||| Stepping ~*~*~tactically~*~*~ (hiding).
 59192 | Crypt:3  | 59192 ||| Stepping ~*~*~tactically~*~*~ (hiding).
 59194 | Crypt:3  | 59194 ||| Stepping ~*~*~tactically~*~*~ (hiding).
 59195 | Crypt:3  | 59195 ||| Stepping ~*~*~tactically~*~*~ (hiding).
 59306 | Crypt:3  | Noticed an ancient lich
 59310 | Crypt:3  | Noticed a dread lich
 59311 | Crypt:3  | Identified the staff of poison "Waoqiceg" {rElec rPois
                  | Dex+2 SInv Stlth+}
 59333 | Crypt:3  | 59333 ||| INVOKING Summon Divine Warrior.
 59337 | Crypt:3  | Killed a dread lich
 59339 | Crypt:3  | Killed an ancient lich
 59716 | Crypt:3  | Found a runed translucent gate.
 59716 | Crypt:3  | Found a runed translucent gate.
 59717 | Crypt:3  | Found a runed translucent gate.
 59717 | Crypt:3  | Noticed Esecs's ghost (veteran GrEE)
 59717 | Crypt:3  | Noticed Ciwiv's ghost (veteran FoFi)
 59718 | Crypt:3  | Noticed Osipn's ghost (veteran MiGl)
 59723 | Crypt:3  | 59723 ||| PLANNING TOMB
 59742 | Tomb:1   | Entered Level 1 of the Tomb of the Ancients
 59822 | Tomb:1   | 59822 ||| Stepping ~*~*~tactically~*~*~ (stealth).
 59823 | Tomb:1   | 59823 ||| Stepping ~*~*~tactically~*~*~ (stealth).
 59885 | Tomb:1   | 59885 ||| FLEEEEING.
 59886 | Tomb:1   | 59886 ||| FLEEEEING.
 60003 | Tomb:1   | Noticed a royal mummy
 60004 | Tomb:1   | 60004 ||| INVOKING Summon Divine Warrior.
 60008 | Tomb:1   | 60008 ||| INVOKING Cleansing Flame.
 60013 | Tomb:1   | Killed a royal mummy
 60019 | Tomb:1   | Noticed a royal mummy
 60020 | Tomb:1   | 60020 ||| INVOKING Cleansing Flame.
 60021 | Tomb:1   | Reached skill level 18 in Invocations
 60021 | Tomb:1   | 60021 ||| INVOKING Cleansing Flame.
 60022 | Tomb:1   | 60022 ||| INVOKING Cleansing Flame.
 60023 | Tomb:1   | 60023 ||| INVOKING Summon Divine Warrior.
 60029 | Tomb:1   | 60029 ||| INVOKING Cleansing Flame.
 60030 | Tomb:1   | 60030 ||| INVOKING Summon Divine Warrior.
 60031 | Tomb:1   | Killed a royal mummy
 60222 | Tomb:1   | 60222 ||| Stepping ~*~*~tactically~*~*~ (stealth).
 60719 | Tomb:1   | 60719 ||| Stepping ~*~*~tactically~*~*~ (stealth).
 61042 | Tomb:1   | 61042 ||| INVOKING Summon Divine Warrior.
 61638 | Tomb:2   | 61638 ||| DRINKING 14 potions of haste.
 61639 | Tomb:2   | 61639 ||| DRINKING 15 potions of attraction.
 61641 | Tomb:2   | 61641 ||| INVOKING Cleansing Flame.
 61641 | Tomb:2   | Noticed a royal mummy
 61642 | Tomb:2   | 61642 ||| INVOKING Summon Divine Warrior.
 61643 | Tomb:2   | Noticed a royal mummy
 61643 | Tomb:2   | Noticed a royal mummy
 61644 | Tomb:2   | 61644 ||| INVOKING Summon Divine Warrior.
 61645 | Tomb:2   | Noticed a royal mummy
 61648 | Tomb:2   | Killed a royal mummy
 61654 | Tomb:2   | Killed a royal mummy
 61654 | Tomb:2   | Killed a royal mummy
 61657 | Tomb:2   | Killed a royal mummy
 61693 | Tomb:2   | 61693 ||| INVOKING Summon Divine Warrior.
 61697 | Tomb:2   | 61697 ||| INVOKING Cleansing Flame.
 61698 | Tomb:2   | 61698 ||| INVOKING Cleansing Flame.
 61770 | Tomb:2   | 61770 ||| INVOKING Cleansing Flame.
 61771 | Tomb:2   | 61771 ||| INVOKING Cleansing Flame.
 61790 | Tomb:2   | 61790 ||| INVOKING Cleansing Flame.
 61825 | Tomb:2   | Was forgiven by Okawaru
 61836 | Tomb:2   | 61836 ||| INVOKING Summon Divine Warrior.
 63012 | Tomb:2   | 63012 ||| PLANNING TOMB
 63162 | Tomb:2   | 63162 ||| PLANNING TOMB
 63237 | Tomb:2   | 63237 ||| PLANNING TOMB
 63237 | Tomb:2   | 63237 ||| PLANNING TOMB
 63263 | Tomb:1   | Noticed a royal mummy
 63264 | Tomb:1   | 63264 ||| INVOKING Summon Divine Warrior.
 63265 | Tomb:1   | Noticed a royal mummy
 63265 | Tomb:1   | Noticed a royal mummy
 63266 | Tomb:1   | Noticed a royal mummy
 63269 | Tomb:1   | 63269 ||| INVOKING Cleansing Flame.
 63270 | Tomb:1   | 63270 ||| INVOKING Cleansing Flame.
 63272 | Tomb:1   | Killed a royal mummy
 63273 | Tomb:1   | Killed a royal mummy
 63273 | Tomb:1   | Noticed a royal mummy
 63274 | Tomb:1   | Reached skill level 25 in Fighting
 63275 | Tomb:1   | 63275 ||| INVOKING Cleansing Flame.
 63276 | Tomb:1   | 63276 ||| INVOKING Cleansing Flame.
 63278 | Tomb:1   | Killed a royal mummy
 63279 | Tomb:1   | 63279 ||| INVOKING Cleansing Flame.
 63283 | Tomb:1   | Killed a royal mummy
 63283 | Tomb:1   | HP: 46/188 [torment (8)]
 63284 | Tomb:1   | 63284 ||| READING 28 scrolls of teleportation.
 63285 | Tomb:1   | 63285 ||| DRINKING potion of heal wounds.
 63524 | Tomb:1   | 63524 ||| UPGRADING to +0 cloak of the Sparrow {Str+6
                  | Dex+2}.
 63632 | Tomb:1   | 63632 ||| INVOKING Summon Divine Warrior.
 63636 | Tomb:1   | 63636 ||| INVOKING Cleansing Flame.
 63637 | Tomb:1   | 63637 ||| INVOKING Cleansing Flame.
 63638 | Tomb:1   | 63638 ||| INVOKING Cleansing Flame.
 63638 | Tomb:1   | Killed a royal mummy
 63711 | Tomb:1   | Noticed a royal mummy
 63713 | Tomb:1   | 63713 ||| INVOKING Cleansing Flame.
 63718 | Tomb:1   | Killed a royal mummy
 63726 | Tomb:1   | Noticed a royal mummy
 63727 | Tomb:1   | 63727 ||| INVOKING Cleansing Flame.
 63728 | Tomb:1   | 63728 ||| INVOKING Cleansing Flame.
 63729 | Tomb:1   | Killed a royal mummy
 63893 | Tomb:1   | Noticed a royal mummy
 63898 | Tomb:1   | 63898 ||| INVOKING Cleansing Flame.
 63899 | Tomb:1   | 63899 ||| INVOKING Cleansing Flame.
 63900 | Tomb:1   | 63900 ||| INVOKING Cleansing Flame.
 63900 | Tomb:1   | Killed a royal mummy
 63910 | Tomb:1   | Noticed a royal mummy
 63912 | Tomb:1   | Noticed a royal mummy
 63914 | Tomb:1   | 63914 ||| UPGRADING to +4 cloak of Agogh {rF+ Will+ Str-2}.
 63915 | Tomb:1   | 63915 ||| UPGRADING to +4 cloak of Agogh {rF+ Will+ Str-2}.
 63917 | Tomb:1   | 63917 ||| UPGRADING to +4 cloak of Agogh {rF+ Will+ Str-2}.
 63918 | Tomb:1   | 63918 ||| UPGRADING to +4 cloak of Agogh {rF+ Will+ Str-2}.
 63919 | Tomb:1   | 63919 ||| UPGRADING to +4 cloak of Agogh {rF+ Will+ Str-2}.
 63920 | Tomb:1   | 63920 ||| UPGRADING to +4 cloak of Agogh {rF+ Will+ Str-2}.
 63921 | Tomb:1   | 63921 ||| UPGRADING to +4 cloak of Agogh {rF+ Will+ Str-2}.
 63922 | Tomb:1   | 63922 ||| UPGRADING to +4 cloak of Agogh {rF+ Will+ Str-2}.
 63923 | Tomb:1   | 63923 ||| UPGRADING to +4 cloak of Agogh {rF+ Will+ Str-2}.
 63924 | Tomb:1   | 63924 ||| UPGRADING to +4 cloak of Agogh {rF+ Will+ Str-2}.
 63925 | Tomb:1   | 63925 ||| UPGRADING to +4 cloak of Agogh {rF+ Will+ Str-2}.
 63926 | Tomb:1   | 63926 ||| UPGRADING to +4 cloak of Agogh {rF+ Will+ Str-2}.
 63927 | Tomb:1   | 63927 ||| UPGRADING to +4 cloak of Agogh {rF+ Will+ Str-2}.
 63928 | Tomb:1   | 63928 ||| UPGRADING to +4 cloak of Agogh {rF+ Will+ Str-2}.
 63929 | Tomb:1   | 63929 ||| UPGRADING to +4 cloak of Agogh {rF+ Will+ Str-2}.
 63930 | Tomb:1   | 63930 ||| UPGRADING to +4 cloak of Agogh {rF+ Will+ Str-2}.
 63930 | Tomb:1   | HP: 39/188 [royal mummy (19)]
 63931 | Tomb:1   | 63931 ||| READING 27 scrolls of teleportation.
 63931 | Tomb:1   | HP: 18/188 [death scarab[a royal mummy] (12)]
 63932 | Tomb:1   | 63932 ||| UPGRADING to +4 cloak of Agogh {rF+ Will+ Str-2}.
 63974 | Tomb:1   | 63974 ||| READING 26 scrolls of teleportation.
 63974 | Tomb:1   | HP: 35/188 [royal mummy/divine providence (7)]
 64274 | Tomb:1   | 64274 ||| UPGRADING to +4 cloak of Agogh {rF+ Will+ Str-2}.
 64423 | Tomb:1   | 64423 ||| INVOKING Summon Divine Warrior.
 64432 | Tomb:1   | 64432 ||| INVOKING Cleansing Flame.
 64433 | Tomb:1   | 64433 ||| INVOKING Summon Divine Warrior.
 64435 | Tomb:1   | Killed a royal mummy
 64436 | Tomb:1   | 64436 ||| INVOKING Cleansing Flame.
 64437 | Tomb:1   | 64437 ||| INVOKING Cleansing Flame.
 64438 | Tomb:1   | 64438 ||| INVOKING Cleansing Flame.
 64438 | Tomb:1   | Killed a royal mummy
 64680 | Tomb:1   | Noticed a royal mummy
 64681 | Tomb:1   | 64681 ||| INVOKING Summon Divine Warrior.
 64684 | Tomb:1   | 64684 ||| INVOKING Cleansing Flame.
 64685 | Tomb:1   | 64685 ||| INVOKING Cleansing Flame.
 64686 | Tomb:1   | 64686 ||| INVOKING Cleansing Flame.
 64687 | Tomb:1   | 64687 ||| INVOKING Cleansing Flame.
 64687 | Tomb:1   | Killed a royal mummy
 65489 | Tomb:1   | 65489 ||| PLANNING TOMB
 66765 | Tomb:1   | 66765 ||| PLANNING TOMB
 66903 | Tomb:2   | 66903 ||| INVOKING Cleansing Flame.
 66910 | Tomb:2   | Reached XP level 27. HP: 193/193 MP: 36/36
 66911 | Tomb:2   | 66911 ||| INVOKING Cleansing Flame.
 66912 | Tomb:2   | 66912 ||| Stepping ~*~*~tactically~*~*~ (hiding).
 66916 | Tomb:2   | 66916 ||| INVOKING Cleansing Flame.
 66917 | Tomb:2   | 66917 ||| INVOKING Cleansing Flame.
 67107 | Tomb:3   | Entered Level 3 of the Tomb of the Ancients
 67108 | Tomb:3   | 67108 ||| DRINKING 13 potions of haste.
 67109 | Tomb:3   | 67109 ||| DRINKING 14 potions of attraction.
 67118 | Tomb:3   | 67118 ||| INVOKING Cleansing Flame.
 67119 | Tomb:3   | 67119 ||| INVOKING Cleansing Flame.
 67124 | Tomb:3   | Noticed a royal mummy
 67125 | Tomb:3   | 67125 ||| INVOKING Summon Divine Warrior.
 67126 | Tomb:3   | Noticed a royal mummy
 67127 | Tomb:3   | Noticed a royal mummy
 67127 | Tomb:3   | 67127 ||| INVOKING Cleansing Flame.
 67129 | Tomb:3   | 67129 ||| INVOKING Cleansing Flame.
 67130 | Tomb:3   | Reached skill level 24 in Armour
 67130 | Tomb:3   | 67130 ||| INVOKING Cleansing Flame.
 67131 | Tomb:3   | Noticed a royal mummy
 67131 | Tomb:3   | HP: 42/193 [??? (8)]
 67132 | Tomb:3   | 67132 ||| READING 25 scrolls of teleportation.
 67136 | Tomb:3   | 67136 ||| READING 24 scrolls of teleportation.
 67143 | Tomb:3   | Noticed a royal mummy
 67154 | Tomb:3   | 67154 ||| READING 23 scrolls of teleportation.
 67158 | Tomb:3   | 67158 ||| READING 22 scrolls of teleportation.
 67161 | Tomb:3   | Noticed a royal mummy
 67162 | Tomb:3   | 67162 ||| READING 21 scrolls of teleportation.
 67164 | Tomb:3   | HP: 24/193 [emperor scorpion[a royal mummy] (17)]
 67166 | Tomb:3   | 67166 ||| READING 20 scrolls of teleportation.
 67170 | Tomb:3   | 67170 ||| READING 19 scrolls of teleportation.
 67174 | Tomb:3   | Found the +5 glaive of the Guard {elec, spectral, AC+5}
 67174 | Tomb:3   | Found the +8 mithril axe "Arga" {speed, Will+}
 67175 | Tomb:3   | 67175 ||| READING 18 scrolls of teleportation.
 67176 | Tomb:3   | 67176 ||| UPGRADING to +5 ring of evasion.
 67178 | Tomb:3   | Noticed a royal mummy
 67179 | Tomb:3   | 67179 ||| READING 17 scrolls of teleportation.
 67185 | Tomb:3   | 67185 ||| READING 16 scrolls of teleportation.
 67187 | Tomb:3   | HP: 29/193 [royal mummy/divine providence (10)]
 67191 | Tomb:3   | 67191 ||| READING 15 scrolls of teleportation.
 67196 | Tomb:3   | 67196 ||| Stepping ~*~*~tactically~*~*~ (hiding).
 67197 | Tomb:3   | 67197 ||| Stepping ~*~*~tactically~*~*~ (hiding).
 67198 | Tomb:3   | 67198 ||| Stepping ~*~*~tactically~*~*~ (hiding).
 67199 | Tomb:3   | 67199 ||| READING 14 scrolls of teleportation.
 67202 | Tomb:3   | 67202 ||| Stepping ~*~*~tactically~*~*~ (hiding).
 67211 | Tomb:3   | 67211 ||| READING 13 scrolls of teleportation.
 67214 | Tomb:3   | 67214 ||| READING 12 scrolls of teleportation.
 67218 | Tomb:3   | HP: 48/193 [something (12)]
 67219 | Tomb:3   | 67219 ||| READING 11 scrolls of teleportation.
 67219 | Tomb:3   | HP: 20/193 [royal mummy/divine providence (13)]
 67222 | Tomb:3   | Killed from afar by a royal mummy

Levels and vault maps discovered:
D:1:      eino_arrival_cavern_e, layout_basic, serial_shops,
          nicolae_diamond_shop, nicolae_wormholes
D:2:      layout_loops_corners, basic_altar
D:3:      minmay_inner_zag, layout_rooms, cheibrodos_sewer_entry_bend,
          gammafunk_ghost_nasty_kobolds
D:4:      layout_basic, mainiacjoe_overflow_surrounded_room,
          nzn_hepliaklqana_mist_gate, hellmonk_ghost_happy_afterlife,
          nicolae_kite_square_tiling_tiny, chequers_garden
D:5:      layout_loops_cross
D:6:      layout_loops_corners, minmay_temple_entry_fiery,
          minmay_misc_feat_columns, dk_vineyard_3, nicolae_shop_fire_sale
          [nicolae_sub_dead_trees], hangedman_decor_points
D:7:      layout_loops_corners, serial_shops, nicolae_shop_hallway_plus,
          grunt_tough_drop
D:8:      layout_gridville, grunt_temple_overflow_open
D:9:      layout_basic, zombieorc2_lemuel, hangedman_minor_magic
D:10:     layout_rooms, uniq_erica
D:11:     layout_stronghold, due_lair_maze_entry_diamond
D:12:     layout_long_grid, hellmonk_bongcloud_opening
D:13:     layout_basic, erik_vaults_1
D:14:     layout_rooms, minmay_staircase_bubble, grunt_dithmenos_smoke
D:15:     grunt_enter_depths_snipers, layout_basic, grunt_decor_fettered,
          amethyst_killhole
Temple:   nicolae_temple_hex_pool
Lair:1:   gammafunk_indiana_jones, layout_small_grid
Lair:2:   layout_gridlike, minmay_shoals_entry_hut, nzn_sisyphean_effort,
          grunt_megastairs_3, infiniplex_staircase_pool_2
Lair:3:   layout_layer_cave, dummy_snake_entry, st_stairs_13, minivault_26,
          nicolae_lair_liquid_snakes
Lair:4:   layout_gridlike, grunt_megastairs_2, uniq_snorg, uniq_sonja
Lair:5:   hellmonk_lair_end_abyssal_woods, layout_regular_city, slime_entry_1
Shoals:1: layout_shoals, nicolae_shoals_abyss_on_the_beach, uniq_mlioglotl
Shoals:2: layout_shoals, nicolae_shoals_arrival_archipelago
Shoals:3: layout_shoals, ebering_ghost_xom, nicolae_shop_gadgets
Shoals:4: shoals_end_hellmonk_storm_palace [storm_palace_center_ruins,
          storm_palace_corner_altar, storm_palace_corner_reverse_hut,
          storm_palace_corner_blocked, storm_palace_corner_grid], serial_shops
Snake:1:  layout_gridlike, serial_shops, shop, serial_bayou_lake_a
Snake:2:  layout_cave_town
Snake:3:  layout_basic, uniq_azrael, uniq_aizul, uniq_nikola
Snake:4:  johnstein_snake_rune_scales, layout_basic, grunt_ministairs_9
Orc:1:    layout_caves, gammafunk_ghost_wrathful_warriors, uniq_jorgrun
Orc:2:    grunt_orc_tribal_feast, layout_diamond_mine, serial_shops, shop
Vaults:1: nicolae_vaults_specimen_jars, vaults_dpeg_encased_lava,
          nicolae_vaults_ring_of_whatevers, vaults_room_glass_cross,
          nicolae_vaults_what_the_h, nicolae_vaults_trapezoid_1, v_misc_31,
          ontoclasm_vaults_gateway, v_misc_3, layout_vaults_omnigrid
Vaults:2: mu_enter_wizlab_5, nicolae_vaults_frosty_reception,
          nicolae_vaults_sightless_eye, vaults_room_grid,
          nicolae_vaults_mitosis, v_misc_14,
          nicolae_vaults_shipping_containers_7, nicolae_vaults_border_crossing,
          minmay_crypt_entry_nasty_monster, ontoclasm_vaults_chip,
          nicolae_vaults_surprise_closet, nicolae_vaults_house_3,
          nicolae_vaults_tetromino_T_1, nicolae_vaults_trapezoid_lopsided_3,
          nicolae_vaults_tetromino_Z_1, layout_vaults_omnicross, uniq_saint_roka
Vaults:3: v_rooms_2, ontoclasm_vaults_ring_large, hangedman_vaults_capsules,
          v_misc_12, v_misc_14, nicolae_vaults_more_shelving_2,
          nicolae_vaults_trapezoid_2, st_lattice,
          nicolae_vaults_mini_display_case, layout_vaults_omnibox, serial_shops,
          nicolae_shop_peninsula, uniq_xtahua, uniq_frederick, uniq_boris
Vaults:4: vaults_room_door_hall, nicolae_vaults_cochlea,
          nicolae_vaults_diamond_1, nicolae_vaults_quadrants, v_pattern_4,
          ontoclasm_vaults_loading_screen, nicolae_vaults_oval_intersection,
          nicolae_vaults_closet_pinwheel_6, nicolae_vaults_trapezoid_layered,
          nicolae_vaults_surprise_closet, nicolae_vaults_trapezoid_lopsided_3,
          layout_vaults_big_room
Vaults:5: serial_shops
Crypt:1:  layout_rooms, uniq_josephina, uniq_sojobo
Crypt:2:  layout_rooms
Crypt:3:  david_glass_crypt, layout_chaotic_city, gammafunk_ghost_cemetery,
          minmay_misc_feat_five
Tomb:1
Tomb:2
Tomb:3
Depths:1: grunt_house_of_mirrors, layout_honeycomb,
          amcnicky_mini_rare_corridor_liquid, serial_shops, shop_coins, shop,
          hangedman_tar_grid_catacomb, roderic_lattice_a, grunt_ministairs_4,
          xom_redecorated, serial_bayou_shore_a, uniq_asterion
Depths:2: evilmike_library_of_no_secrets, layout_gridlike,
          abyss_entry_glasseish, serial_shops, nicolae_shop_just_a_little_nook,
          minmay_holes, pan_entry, grunt_hell_entry_dis_mu, minmay_hidden_floor,
          uniq_enchantress
Depths:3: kennysheep_gozag_temple, layout_gridville, enter_ziggurat_e,
          muffindrake_ghost_three_little_ghosts, abyss_entry, hell_entry,
          nicolae_uskayaw_murder_on_the_dancefloor, minmay_shop_grove,
          serial_bayou_shore_b
Depths:4: evilmike_zot_entry_castle, layout_basic, hell_entry, interstate_on_off
Zot:1:    layout_onion, grunt_megastairs_4, uniq_vv
Zot:2:    layout_onion_interference, grunt_ministairs_4, lemuel_elevator
Zot:3:    layout_cathedral_of_symmetry
Zot:4:    lemuel_draconian_sentries_small, layout_misc_corridors,
          serial_nicolae_subway, nicolae_sub_station_metal,
          nicolae_sub_station_crystal, nicolae_sub_station_stone

Skill      XL: |  1  2  3  4  5  6  7  8  9 10 11 12 13 14 15 16 17 18 19 20 21 22 23 24 25 26 27 |
---------------+----------------------------------------------------------------------------------+-----
Axes           | 2 3 5 6 7 8 9 11 12 14 15 17 18 | 18.0
Fighting       | 4 5 6 7 9 10 11 12 13 15 16 18 19 21 22 24 25 | 25.0
Dodging        | 1 2 3 4 5 6 7 |  7.7
Armour         | 4 5 7 8 9 10 12 13 14 16 17 19 20 21 22 23 24 | 24.0
Invocations    | 3 4 9 10 15 18 | 18.3
Shields        | 4 5 6 7 8 13 17 18 19 20 21 22 | 22.1
Throwing       | 3 5 6 7 8 9 11 13 14 | 14.0

Action                     |  1- 3 |  4- 6 |  7- 9 | 10-12 | 13-15 | 16-18 | 19-21 | 22-24 | 25-27 || total
---------------------------+-------+-------+-------+-------+-------+-------+-------+-------+-------++-------
  Melee: War axe           |    97 |   149 |   412 |   671 |   133 |       |       |       |       ||  1462
         Broad axe         |       |       |       |       |   849 |   703 |   894 |   866 |   815 ||  4127
         Morningstar       |       |       |       |       |    31 |       |       |       |       ||    31
  Throw: Javelin           |       |       |       |    16 |   124 |    51 |    59 |   176 |   151 ||   577
         Boomerang         |       |       |       |       |    42 |    51 |   108 |    48 |    67 ||   316
 Invoke: Heroism           |       |       |     5 |    22 |    30 |    27 |    32 |    40 |     4 ||   160
         Finesse           |       |       |       |       |     6 |     7 |     7 |     3 |     1 ||    24
         Cleansing Flame   |       |       |       |       |       |       |       |       |    49 ||    49
         Summon Divine War |       |       |       |       |       |       |       |       |    17 ||    17
         Brand Weapon With |       |       |       |       |       |       |       |       |     1 ||     1
    Use: Scroll            |       |    10 |    13 |     4 |    10 |     7 |     4 |     5 |    18 ||    71
         Potion            |       |     1 |     3 |     2 |     2 |       |     2 |     5 |     6 ||    21
   Stab: Distracted        |       |       |       |       |     1 |     7 |    24 |    10 |     5 ||    47
 Armour: Scale mail        |    47 |     8 |       |       |       |       |       |       |       ||    55
         Chain mail        |       |   112 |    10 |       |       |       |       |       |       ||   122
         Plate armour      |       |       |   269 |   441 |   667 |   240 |   188 |   252 |   486 ||  2543
  Dodge: Dodged            |    36 |    57 |   127 |   232 |   372 |   184 |   136 |   219 |   336 ||  1699
         Repelled          |       |       |       |       |     1 |       |       |       |       ||     1
  Block: Buckler           |    20 |    41 |    84 |   153 |   258 |    42 |       |       |       ||   598
         Reflection        |       |       |       |       |     2 |   111 |    60 |     5 |       ||   178
         Tower shield      |       |       |       |       |       |   692 |   636 |   530 |   727 ||  2585

Table legend:
 A = Non-vault XP
 B = Vault XP
 C = Vault XP percentage of total XP
 D = Non-vault monster count
 E = Vault monster count
 F = Vault count percentage of total count
                 A         B        C        D         E       F
            +---------+---------+-------+---------+---------+-------
      Total |  712980 |  563537 |  44.1 |    1376 |     785 |  36.3
            +---------+---------+-------+---------+---------+-------
        D:1 |      39 |       5 |  11.4 |      24 |       1 |   4.0
        D:2 |      84 |       5 |   5.6 |      22 |       1 |   4.3
        D:3 |      30 |       8 |  21.1 |       9 |       6 |  40.0
        D:4 |     189 |       0 |   0.0 |      12 |       0 |   0.0
        D:5 |     416 |       0 |   0.0 |      14 |       0 |   0.0
        D:6 |     850 |       0 |   0.0 |      15 |       0 |   0.0
        D:7 |     643 |     175 |  21.4 |       6 |       3 |  33.3
        D:8 |    1220 |       0 |   0.0 |      20 |       0 |   0.0
        D:9 |    1686 |    2471 |  59.4 |      33 |      52 |  61.2
       D:10 |    2569 |     826 |  24.3 |      17 |       1 |   5.6
       D:11 |    4752 |    1173 |  19.8 |      24 |       9 |  27.3
       D:12 |    4600 |       0 |   0.0 |      26 |       0 |   0.0
       D:13 |    5003 |    1654 |  24.8 |      14 |       2 |  12.5
       D:14 |    6128 |       0 |   0.0 |      15 |       0 |   0.0
       D:15 |    9229 |    2854 |  23.6 |      23 |       3 |  11.5
     Lair:1 |    2977 |       0 |   0.0 |      14 |       0 |   0.0
     Lair:2 |     865 |    1086 |  55.7 |       6 |       2 |  25.0
     Lair:3 |    4185 |     378 |   8.3 |      18 |       7 |  28.0
     Lair:4 |   15419 |    3772 |  19.7 |      42 |      10 |  19.2
     Lair:5 |   11777 |   11205 |  48.8 |      37 |      40 |  51.9
   Shoals:1 |    7757 |    2511 |  24.5 |      15 |       3 |  16.7
   Shoals:2 |   16924 |       0 |   0.0 |      39 |       0 |   0.0
   Shoals:3 |   15965 |       0 |   0.0 |      27 |       0 |   0.0
   Shoals:4 |    7235 |   25573 |  77.9 |      17 |      52 |  75.4
    Snake:1 |   15818 |       0 |   0.0 |      41 |       0 |   0.0
    Snake:2 |   12041 |       0 |   0.0 |      21 |       0 |   0.0
    Snake:3 |   18549 |    5432 |  22.7 |      33 |       8 |  19.5
    Snake:4 |   20253 |   28235 |  58.2 |      47 |      46 |  49.5
      Orc:1 |    1769 |    1950 |  52.4 |      30 |       1 |   3.2
      Orc:2 |    4733 |    7132 |  60.1 |      40 |      30 |  42.9
   Vaults:1 |   30280 |   19682 |  39.4 |      40 |      29 |  42.0
   Vaults:2 |   35354 |   29434 |  45.4 |      50 |      47 |  48.5
   Vaults:3 |   30351 |   33156 |  52.2 |      48 |      34 |  41.5
   Vaults:4 |   19867 |   11887 |  37.4 |      26 |      13 |  33.3
   Vaults:5 |   40675 |   83783 |  67.3 |      57 |      78 |  57.8
    Crypt:1 |   32539 |   10967 |  25.2 |      46 |       9 |  16.4
    Crypt:2 |   28922 |       0 |   0.0 |      41 |       0 |   0.0
    Crypt:3 |   28604 |   22360 |  43.9 |      40 |      13 |  24.5
     Tomb:1 |   12957 |   83079 |  86.5 |      36 |      63 |  63.6
     Tomb:2 |    7674 |   31401 |  80.4 |      24 |      46 |  65.7
     Tomb:3 |    5886 |    7517 |  56.1 |      11 |      25 |  69.4
   Depths:1 |   44528 |   33976 |  43.3 |      58 |      34 |  37.0
   Depths:2 |   27109 |   37800 |  58.2 |      36 |      33 |  47.8
   Depths:3 |   36412 |    9012 |  19.8 |      37 |       9 |  19.6
   Depths:4 |   45689 |   34516 |  43.0 |      48 |      33 |  40.7
      Zot:1 |   15211 |    9173 |  37.6 |      13 |       5 |  27.8
      Zot:2 |   17892 |    8615 |  32.5 |      17 |       7 |  29.2
      Zot:3 |   37474 |       0 |   0.0 |      29 |       0 |   0.0
      Zot:4 |   21851 |       0 |   0.0 |      18 |       0 |   0.0
      Sewer |       0 |     734 | 100.0 |       0 |      30 | 100.0
            +---------+---------+-------+---------+---------+-------
